 Dungeon Crawl Stone Soup version 0.29.0-4-gdea44cf6ec (webtiles) character file.

Game seed: 10067653287144544988

583956 qw the Invulnerable (level 27, -20/197 HPs)
             Began as a Gargoyle Berserker on Sept 5, 2022.
             Was an Elder of Trog.
             Demolished by an Orb Guardian (28 damage)
             ... on level 5 of the Realm of Zot.
             The game lasted 00:31:59 (64572 turns).

qw the Invulnerable (Gargoyle Berserker)           Turns: 64572, Time: 00:31:59

Health: -20/197    AC: 72    Str: 29 (31) XL:     27
Magic:  16/16      EV: 12    Int:  7      God:    Trog [****..]
Gold:   6267       SH: 25    Dex:  4 (5)  Spells: 26/26 levels left

rFire   + + .      SeeInvis +   n - +9 broad axe (vamp)
rCold   + + .      Faith    .   t - +0 tower shield {rC+ rF+}
rNeg    + + .      Spirit   .   m - +9 scales of the Dragon King {rPois rF+ rC+ Will+}
rPois   inf        Reflect  +   B - +2 helmet {SInv}
rElec   +          Harm     .   i - +2 cloak {Will+}
rCorr   .          Rampage  .   o - +3 pair of gloves of the Original Sin {rElec rN+ Int+3}
Will    ++++.      Rage     9%  c - +2 pair of boots
Stlth   .......... Rnd*Tele +   q - amulet of reflection
HPRegen 0.42/turn               r - +4 ring of evasion
MPRegen 0.15/turn               y - +4 ring of protection

@: about to teleport, on berserk cooldown, flying, unable to read
A: sickness immunity, AC +20, big wings, negative energy resistance 1,
electricity resistance, torment resistance 1, petrification resistance, berserk
2, clumsy 2, deformed body, deterioration 2, dopey 2, low MP 3, screaming 2,
teleportitis 1, weak 2, subdued magic 3, inability to read after injury 1,
devolution 1
}: 3/15 runes: serpentine, barnacled, silver
a: Renounce Religion, Berserk, Trog's Hand, Brothers in Arms


You were on level 5 of the Realm of Zot.
You worshipped Trog.
Trog was greatly pleased with you.
You visited 8 branches of the dungeon, and saw 44 of its levels.
You visited the Abyss 1 time.
You also visited: Gauntlet.

You collected 7973 gold pieces.
You spent 1706 gold pieces at shops.


Innate Abilities, Weirdness & Mutations

You are immune to sickness and miasma.
Your stone body is resilient. (AC +20)
You are immune to poison.
Your large and strong wings let you fly.
You resist negative energy. (rN+)
You are resistant to electric shocks. (rElec)
You are resistant to unholy torment.
You are immune to petrification.
You have an uncontrollable temper.
You are very clumsy. (Dex -4)
Armour fits poorly on your strangely shaped body.
Your body often deteriorates upon taking damage.
You are very dopey. (Int -4)
Your magical capacity is extremely low. (-30% MP)
You frequently scream uncontrollably at your foes.
You are occasionally teleported next to monsters.
You are very weak. (Str -4)
Your spells are much easier to cast, but much less powerful.
You occasionally lose the ability to read scrolls when taking damage.
You have hidden genetic defects.


   Skills:
 + Level 26.9 Fighting
 - Level 18.0 Axes
 - Level 14.0 Throwing
 O Level 27 Armour
 - Level 7.6 Dodging
 - Level 22.9 Shields
 + Level 4.6 Evocations


You had 26 spell levels left.
You didn't know any spells.
Your spell library was empty.

Inventory:

Hand Weapons
 n - a +9 vampiric broad axe (weapon)
Missiles
 p - 29 boomerangs
 x - 5 javelins (quivered)
 A - 7 boomerangs of dispersal
Armour
 a - a +2 tower shield
 c - a +2 pair of boots (worn)
 i - a +2 cloak of willpower (worn)
 m - the +9 scales of the Dragon King (worn) {rPois rF+ rC+ Will+}
   (You found it on level 1 of the Vaults)

   rF:        It protects you from fire.
   rC:        It protects you from cold.
   rPois:     It protects you from poison.
   Will:      It increases your willpower.
 o - the +3 pair of gloves of the Original Sin (worn) {rElec rN+ Int+3}
   (You found it in a Gauntlet)

   Int:       It affects your intelligence (+3).
   rElec:     It insulates you from electricity.
   rN:        It protects you from negative energy.
 t - a +0 tower shield of resistance (worn)
 w - a scarf of resistance
 B - a +2 helmet of see invisible (worn)
Jewellery
 b - a ring of protection from fire
 q - an amulet of reflection (around neck)
 r - a +4 ring of evasion (left hand)
 y - a +4 ring of protection (right hand)
Scrolls
 g - 35 scrolls of identify
 j - 15 scrolls of teleportation
 z - 6 scrolls of brand weapon
 C - 6 scrolls of enchant weapon
Potions
 e - 4 potions of heal wounds
 f - 5 potions of might
 h - 5 potions of mutation
 k - 28 potions of curing
 s - 9 potions of haste
 u - 5 potions of cancellation

Dungeon Overview and Level Annotations

Branches:
Dungeon (15/15)            Temple (0/1) D:7            Lair (5/5) D:11
 Shoals (4/4) Lair:2        Snake (4/4) Lair:3        Slime (0/5) Lair:4
    Orc (2/2) D:10            Elf (0/3) Orc:2        Vaults (5/5) D:13
  Crypt (0/3) Vaults:3     Depths (4/4) D:15            Zot (5/5) Depths:4
Gauntlet (visited)

Altars:
Ashenzari
Elyvilon
Fedhas
Gozag
Okawaru
Qazlal
Xom
Jiyva
Lugonu

Shops:
D:7 [*?   D:11 ?   Orc:2 *:!?   Vaults:3 (   Vaults:4 (

Portals:
Hell: Depths:1 Depths:2 Depths:3 Depths:4
Abyss: Lair:5 Depths:2 Depths:3
Pandemonium: Depths:2 Depths:4
Ziggurat: Depths:4

Annotations:
D:3 2 runed translucent doors
D:14 1 runed translucent door
Lair:1 3 runed translucent doors, qw's ghost, journeyman TrCA
Shoals:1 3 runed translucent doors, qw's ghost, adept MiBe
Vaults:1 2 transporters, qw's ghost, adept TrCA
Zot:1 4 transporters, 36 runed doors
Zot:5 6 transporters


Message History

You hit the yellow draconian.
The yellow draconian is severely wounded.
You closely miss the Orb Guardian. You miss the Orb Guardian.
You slash the storm dragon!
You hit the Orb Guardian but do no damage.
You can read scrolls again.
The Orb Guardian hits you but does no damage.
You block the storm dragon's attack. x3; You block the Orb Guardian's attack.
The yellow draconian barely misses you.
The Orb Guardian hits you but does no damage.
The Orb Guardian hits you! The storm dragon barely misses you.
The storm dragon closely misses you. You block the storm dragon's attack.
The Orb Guardian hits you but does no damage.
The yellow draconian hits you with a +0 long sword.
64571 ||| READING 16 scrolls of teleportation.
As you read the scroll of teleportation, it crumbles to dust.
You feel strangely unstable.
You feel the Orb delaying your translocation!
The Orb Guardian hits you!
The Orb Guardian hits you but does no damage.
You block the storm dragon's attack. The storm dragon closely misses you.
The storm dragon tramples you but does no damage.
The Orb Guardian hits you! You block the Orb Guardian's attack.
You block the yellow draconian's attack.
You block the Orb Guardian's attack.
The storm dragon bites you but does no damage.
The storm dragon claws you but does no damage.
The storm dragon completely misses you.
The Orb Guardian hits you but does no damage.
64572 ||| DRINKING 5 potions of heal wounds.
You feel much better. You block the Orb Guardian's attack.
The Orb Guardian hits you!!
You feel threatened and lose the ability to read scrolls!
Your body deteriorates!
You feel clumsy. You block the storm dragon's attack.
The storm dragon claws you but does no damage.
The storm dragon tramples you but does no damage.
You block the yellow draconian's attack.
The Orb Guardian hits you!!
You die...

#..............
#.......^......
#..............
#..............
#....^.........
#..............
#....XXX......
#....@.......
##..dD.......
############ ...
....# ....
...###########
.....##.##?........
#:..#^..#.........
#.....^...........
#...#..^#...######


You could see a storm dragon (berserk), a yellow draconian (berserk) and 3 Orb
Guardians.

Vanquished Creatures
  4 dread liches
  2 ancient liches
  5 orbs of fire (Zot:5)
  Mennas (Depths:3)
  A juggernaut (Depths:2)
  Vashnia (Snake:2)
  5 Killer Klowns
  7 curse toes
  Jory (Depths:4)
  15 golden dragons
  Nikola (Shoals:1)
  2 Tzitzimimeh
  A bone dragon (Depths:3)
  2 electric golems (Zot:2)
  2 doom hounds (Depths:3)
  16 tentacled monstrosities
  Grunn (Depths:3)
  4 liches
  18 Orb Guardians (Zot:5)
  3 titans (Vaults:5)
  A walking frostbound tome (Depths:2)
  Asterion (Vaults:1)
  12 quicksilver dragons
  Gastronok (Lair:2)
  A kraken (Shoals:2)
  12 sphinxes
  23 storm dragons
  10 death cobs
  Agnes (Vaults:3)
  18 shadow dragons
  A storm dragon (shapeshifter) (Depths:2)
  6 tengu reavers
  3 nagarajas
  9 fire giants
  10 draconian monks
  6 draconian knights
  3 orc warlords
  18 vault wardens
  4 draconian scorchers
  Aizul (Snake:2)
  2 ghost moths
  A balrug (Depths:2)
  13 frost giants
  2 iron dragons (Vaults:5)
  3 spectral caustic shrikes (Depths:3)
  7 draconian annihilators
  2 spriggan defenders
  6 draconian stormcallers
  3 draconian shifters (Zot:2)
  20 ironbound preservers
  22 very ugly things
  18 stone giants
  2 war gargoyles
  A putrid mouth (Depths:3)
  4 vampire knights
  7 ironbound thunderhulks
  Nessos (D:14)
  18 green draconians
  Azrael (D:15)
  8 black draconians
  2 lorocyprocas
  A bunyip (shapeshifter) (Gauntlet)
  14 red draconians
  16 purple draconians
  16 yellow draconians
  13 white draconians
  A deep elf death mage (Vaults:3)
  2 spark wasps (Depths:4)
  A deep elf demonologist (Vaults:5)
  3 minotaurs
  2 crystal guardians (Vaults:2)
  2 blizzard demons
  8 dire elephants
  Josephine (D:14)
  A green death (Gauntlet)
  A jiangshi (Vaults:3)
  A merfolk javelineer (Shoals:4)
  3 merfolk impalers
  15 ettins
  A deep elf high priest (Vaults:5)
  9 fire dragons
  5 great orbs of eyes
  15 yaktaur captains
  5 hydras
  6 rakshasas
  5 boulder beetles
  A peacekeeper (Vaults:2)
  5 salamander tyrants
  Fannar (Lair:2)
  15 ice dragons
  8 ironbound frosthearts
  A hydra (shapeshifter) (Vaults:5)
  30 vault guards
  3 merfolk avatars
  5 spriggan air magi
  8 two-headed ogres
  A radroach (shapeshifter) (Depths:3)
  An alligator snapping turtle (Shoals:3)
  3 ogre magi
  9 centaur warriors
  10 anacondas
  11 naga warriors
  A two-headed ogre (shapeshifter) (Vaults:2)
  8 satyrs
  9 deep troll shamans
  2 vampire magi
  8 deep troll earth magi
  5 tengu warriors
  7 thrashing horrors
  A death yak (Lair:4)
  5 shock serpents
  6 spriggan berserkers
  15 naga sharpshooters
  Urug (Lair:2)
  5 hell knights
  A wretched star (Abyss:3)
  6 soul eaters
  A fire crab (Lair:5)
  A sun demon (Depths:4)
  Amaemon (Lair:2)
  A fire crab (shapeshifter) (Gauntlet)
  A salamander mystic (Snake:4)
  2 shadow wraiths (Vaults:4)
  2 death drakes
  13 iron trolls
  2 starcursed masses (Abyss:3)
  17 sea snakes
  A skeletal warrior (D:14)
  2 flayed ghosts
  A spriggan rider (Depths:2)
  68 deep trolls
  2 glowing orange brains
  2 spatial maelstroms (Abyss:3)
  A swamp dragon (shapeshifter) (D:13)
  14 ironbound convokers
  3 naga ritualists
  6 wizards
  A golden dragon skeleton (Zot:3)
  8 phantasmal warriors
  4 deep elf pyromancers
  7 lindwurms
  8 mana vipers
  5 necromancers
  An orc sorcerer (Depths:1)
  19 harpies
  Pikel (D:9)
  27 orc knights
  A shining eye (shapeshifter) (Vaults:1)
  2 oklob plants (Lair:4)
  A wolf spider (shapeshifter) (Depths:2)
  51 ugly things
  A draconian zombie (Zot:3)
  13 fauns
  12 cyclopes
  20 manticores
  25 moths of wrath
  10 merfolk sirens
  20 salamanders
  9 elephants (Lair:5)
  5 guardian serpents
  A salamander (shapeshifter) (Vaults:5)
  30 black mambas
  17 naga magi
  2 rust devils (Depths:4)
  A water nymph (Shoals:4)
  5 smoke demons
  4 orange demons
  A fire giant skeleton (Depths:2)
  15 vault sentinels
  2 rime drakes
  A gargoyle (D:11)
  Maggie (D:6)
  A torpor snail (Lair:4)
  2 demonic crawlers (Abyss:3)
  7 cane toads
  A red draconian zombie (Zot:3)
  6 komodo dragons
  4 unseen horrors
  37 yaktaurs
  3 kobold demonologists
  An ice devil (Depths:4)
  A hellwing (Depths:4)
  3 ancient zymes
  8 tengu conjurers
  2 freezing wraiths
  2 red devils
  An efreet (Abyss:3)
  10 hornets
  5 polar bears
  A meliai (shapeshifter) (Abyss:3)
  8 trolls
  A tarantella (shapeshifter) (D:13)
  2 wind drakes
  3 raiju (Abyss:3)
  10 snapping turtles
  14 merfolk
  Grinder (D:5)
  18 blink frogs
  7 dream sheep (Lair:3)
  9 slime creatures
  5 flying skulls (Abyss:3)
  A jumping spider (shapeshifter) (Gauntlet)
  2 shadows
  9 spriggans
  19 water elementals
  8 wyverns
  27 yaks
  3 ynoxinuls (Lair:5)
  3 fire elementals (D:15)
  5 basilisks
  2 fire bats (Abyss:3)
  A yak (shapeshifter) (D:15)
  A hog (shapeshifter) (D:9)
  A human (shapeshifter) (Gauntlet)
  3 hogs (D:13)
  12 small abominations
  Eustachio (D:4)
  10 wraiths
  3 steam dragons
  5 chaos spawn
  2 neqoxecs
  Menkaure (D:5)
  7 large abominations
  40 nagas
  11 wargs
  8 vampire mosquitoes
  2 acid dragons (D:12)
  10 water moccasins
  Duvessa (D:5)
  A floating eye (Depths:2)
  A floating eye (shapeshifter) (Depths:1)
  5 hell hounds (D:15)
  A sky beast (D:7)
  3 black bears
  35 orc warriors
  3 ice beasts
  15 ogres
  3 wolves
  3 boggarts (Vaults:2)
  4 centaurs
  An ogre (shapeshifter) (Lair:5)
  A phantom (D:4)
  2 lemures (D:9)
  5 kobold brigands
  8 bullfrogs
  2 necrophages (D:7)
  3 scorpions
  5 wights (D:8)
  Dowan (D:5)
  22 killer bees
  12 howler monkeys
  6 electric eels
  5 hounds
  4 orc priests
  2 jellies (Lair:4)
  4 iguanas
  9 orc wizards
  15 hell rats
  A gnoll (D:1)
  11 adders
  14 river rats (Lair:2)
  A shadow imp (D:6)
  3 ufetubi
  A worm (D:4)
  88 orcs
  4 bats
  An endoplasm (D:4)
  3 giant cockroaches
  9 goblins
  11 hobgoblins
  4 jackals (D:1)
  9 quokkas
  8 ball pythons
  3 frilled lizards
  5 kobolds
  12 rats
  2 tentacles (Shoals:2)
1929 creatures vanquished.

Vanquished Creatures (collateral kills)
  A dread lich (Vaults:5)
  A golden dragon (Zot:3)
  4 tentacled monstrosities
  2 quicksilver dragons
  Frances (Snake:2)
  3 death cobs (Zot:3)
  Kirke (D:13)
  3 storm dragons
  A vault warden (Vaults:5)
  2 stone giants
  A war gargoyle (Vaults:5)
  A vampire knight (Depths:4)
  A black draconian (Depths:4)
  A white draconian (Zot:1)
  An ettin (Depths:1)
  2 merfolk impalers (Shoals:4)
  2 merfolk javelineers
  A spriggan air mage (Depths:2)
  An ice dragon (Depths:2)
  A boulder beetle (D:13)
  A naga warrior (Snake:3)
  2 deep troll shamans (Depths:2)
  3 satyrs (Shoals:4)
  A spriggan berserker (Depths:2)
  An iron troll (Depths:3)
  A deep troll (Depths:3)
  2 harpies (Shoals:4)
  A mana viper (Snake:2)
  An orc sorcerer (Vaults:5)
  An ugly thing (Depths:3)
  A black mamba (Snake:4)
  A gargoyle (D:13)
  A snapping turtle (Shoals:4)
  2 spriggan skeletons (Depths:2)
  A hog (D:13)
  A vampire mosquito (D:12)
  2 glowing shapeshifter zombies (Depths:2)
  A naga (Snake:3)
  An orc warrior (Vaults:5)
  A boggart (Vaults:2)
  A howler monkey (D:12)
  A river rat (Lair:2)
  An orc (Vaults:5)
  A rat (Lair:2)
61 creatures vanquished.

Vanquished Creatures (others)
  A ghost moth (Zot:5)
  A merfolk aquamancer (Shoals:2)
  2 fauns (Shoals:4)
  A moth of wrath (Zot:4)
  An unseen horror (D:12)
  A spriggan (Depths:2)
  A chaos spawn (Abyss:3)
  A spatial vortex (Abyss:3)
  A warg (Depths:1)
  A hound (D:11)
  16 demonic plants (Gauntlet)
  22 fungi
  3 lurking horrors (Abyss:3)
  85 plants
  3 tentacles (Shoals:2)
140 creatures vanquished.

Grand Total: 2130 creatures vanquished

Notes
Turn   | Place    | Note
-------+----------+-------------------------------------------
     0 | D:1      | qw the Gargoyle Berserker began the quest for the Orb.
     0 | D:1      | Reached XP level 1. HP: 14/14 MP: 1/1
     0 | D:1      | 0 ||| qw: Version: 0.1-a-104-g96f76f8
     0 | D:1      | 0 ||| qw: Game counter: 6011
     0 | D:1      | 0 ||| qw: Always use a shield: true
     0 | D:1      | 0 ||| qw: Do Orc after D:15 true
     0 | D:1      | 0 ||| qw: Do second Lair branch before Depths: true
     0 | D:1      | 0 ||| qw: Lair rune preference: random
     0 | D:1      | 0 ||| qw: Plans: Normal
     0 | D:1      | 0 ||| PLANNING D:1-11
    17 | D:1      | 17 ||| INVOKING Berserk.
    19 | D:1      | Reached skill level 3 in Axes
    19 | D:1      | Reached XP level 2. HP: 19/19 MP: 2/2
    26 | D:1      | 26 ||| Stepping ~*~*~tactically~*~*~ (stealth).
    41 | D:1      | 41 ||| Stepping ~*~*~tactically~*~*~ (stealth).
    43 | D:1      | 43 ||| Stepping ~*~*~tactically~*~*~ (stealth).
   641 | D:1      | Reached XP level 3. HP: 16/23 MP: 3/3
  1260 | D:1      | 1260 ||| UPGRADING to +0 leather armour.
  1270 | D:1      | 1270 ||| DROPPING +0 animal skin.
  1271 | D:1      | 1271 ||| UPGRADING to +0 scale mail.
  1281 | D:1      | 1281 ||| DROPPING +0 leather armour.
  1282 | D:1      | 1282 ||| UPGRADING to +0 chain mail.
  1292 | D:1      | 1292 ||| DROPPING +0 scale mail.
  1293 | D:1      | 1293 ||| READING scroll labelled CIKEATS ANIOLA.
  1294 | D:1      | 1294 ||| READING scroll labelled WOL YMEPPUL.
  1295 | D:1      | 1295 ||| READING 2 scrolls labelled YPOEWN YPILESA.
  1296 | D:1      | 1296 ||| DROPPING scroll of amnesia.
  1638 | D:2      | 1638 ||| DROPPING +0 club.
  1690 | D:2      | Found a faded altar of an unknown god.
  2165 | D:2      | Reached XP level 4. HP: 27/28 MP: 4/4
  2188 | D:2      | Reached ** piety under Trog
  2253 | D:2      | 2253 ||| UPGRADING to +2 pair of boots.
  2258 | D:2      | 2258 ||| READING scroll labelled ZIFUTI PURA.
  2258 | D:2      | Identified a scroll of acquirement
  2258 | D:2      | 2258 ||| ACQUIRING +5 broad axe of freezing
  2258 | D:2      | Acquired a +5 broad axe of freezing
  2260 | D:2      | 2260 ||| SWAPPING to +5 broad axe of freezing.
  2261 | D:2      | 2261 ||| DROPPING +0 hand axe.
  2262 | D:2      | 2262 ||| READING scroll labelled CUNYZXO KYIPP.
  2443 | D:3      | Found a large runed translucent door.
  2444 | D:3      | Found a large runed translucent door.
  3242 | D:3      | 3242 ||| UPGRADING to ring of protection from fire.
  3243 | D:3      | 3243 ||| UPGRADING to ring of protection from cold.
  3244 | D:3      | 3244 ||| READING scroll labelled QUPLUH FIHOTIU.
  3245 | D:3      | 3245 ||| READING scroll labelled DASHRYO TOTUCURGH.
  3246 | D:3      | 3246 ||| DRINKING 2 yellow potions.
  3247 | D:3      | 3247 ||| DRINKING 2 cyan potions.
  3248 | D:3      | 3248 ||| DROPPING potion of brilliance.
  3278 | D:4      | Reached XP level 5. HP: 32/32 MP: 5/5
  3385 | D:4      | 3385 ||| Stepping ~*~*~tactically~*~*~ (stealth).
  3447 | D:4      | Noticed a phantom
  3453 | D:4      | Killed a phantom
  3588 | D:4      | 3588 ||| Stepping ~*~*~tactically~*~*~ (stealth).
  3739 | D:4      | Noticed Eustachio
  3741 | D:4      | 3741 ||| Stepping ~*~*~tactically~*~*~ (stealth).
  3742 | D:4      | 3742 ||| Stepping ~*~*~tactically~*~*~ (stealth).
  3744 | D:4      | 3744 ||| INVOKING Berserk.
  3765 | D:4      | Killed Eustachio
  3766 | D:4      | Reached XP level 6. HP: 28/39 MP: 6/6
  3845 | D:4      | 3845 ||| Stepping ~*~*~tactically~*~*~ (hiding).
  3846 | D:4      | 3846 ||| Stepping ~*~*~tactically~*~*~ (hiding).
  4610 | D:4      | 4610 ||| UPGRADING to +2 buckler.
  4615 | D:4      | 4615 ||| UPGRADING to +0 cloak.
  4620 | D:4      | 4620 ||| UPGRADING to amulet of the acrobat.
  4625 | D:4      | 4625 ||| DRINKING 2 grey potions.
  4626 | D:4      | 4626 ||| DRINKING 2 fizzy green potions.
  4627 | D:4      | 4627 ||| READING 2 scrolls of identify.
  4627 | D:4      | 4627 ||| IDENTIFYING murky yellow potion
  4644 | D:5      | Entered Level 5 of the Dungeon
  4703 | D:5      | Noticed Menkaure
  4704 | D:5      | 4704 ||| Stepping ~*~*~tactically~*~*~ (hiding).
  4705 | D:5      | 4705 ||| Stepping ~*~*~tactically~*~*~ (hiding).
  4707 | D:5      | 4707 ||| INVOKING Berserk.
  4709 | D:5      | Killed Menkaure
  4710 | D:5      | Reached XP level 7. HP: 44/44 MP: 7/7
  4848 | D:5      | 4848 ||| INVOKING Berserk.
  4851 | D:5      | Reached skill level 3 in Armour
  4854 | D:5      | Reached skill level 6 in Axes
  4856 | D:5      | Reached skill level 3 in Shields
  4971 | D:5      | 4971 ||| Stepping ~*~*~tactically~*~*~ (stealth).
  4982 | D:5      | 4982 ||| Stepping ~*~*~tactically~*~*~ (stealth).
  4985 | D:5      | 4985 ||| Stepping ~*~*~tactically~*~*~ (stealth).
  4987 | D:5      | 4987 ||| Stepping ~*~*~tactically~*~*~ (hiding).
  4989 | D:5      | 4989 ||| Stepping ~*~*~tactically~*~*~ (hiding).
  5060 | D:5      | 5060 ||| INVOKING Berserk.
  5169 | D:5      | Noticed Grinder
  5170 | D:5      | 5170 ||| INVOKING Trog's Hand.
  5171 | D:5      | 5171 ||| INVOKING Berserk.
  5174 | D:5      | Killed Grinder
  5175 | D:5      | Reached XP level 8. HP: 48/48 MP: 8/8
  5440 | D:5      | Noticed Duvessa
  5441 | D:5      | 5441 ||| Stepping ~*~*~tactically~*~*~ (hiding).
  5446 | D:5      | 5446 ||| INVOKING Berserk.
  5448 | D:5      | Noticed Dowan
  5453 | D:5      | Killed Duvessa
  5456 | D:5      | Killed Dowan
  5670 | D:5      | You fall into a shaft and drop 1 floor!
  5727 | D:6      | 5727 ||| UPGRADING to +0 plate armour.
  5737 | D:6      | 5737 ||| DROPPING +0 chain mail.
  5738 | D:6      | 5738 ||| READING scroll labelled CUOMEPI NI HOS.
  5739 | D:6      | 5739 ||| READING scroll labelled ZAR BEROJYEHUR.
  5740 | D:6      | 5740 ||| DRINKING 2 golden potions.
  5741 | D:6      | 5741 ||| DRINKING 2 fizzy yellow potions.
  5742 | D:6      | 5742 ||| READING 2 scrolls of identify.
  5742 | D:6      | 5742 ||| IDENTIFYING metallic emerald potion
  5743 | D:6      | 5743 ||| DROPPING potion of attraction.
  5931 | D:5      | Reached skill level 4 in Armour
  6363 | D:6      | Reached skill level 5 in Armour
  6422 | D:6      | Noticed Maggie
  6423 | D:6      | 6423 ||| Stepping ~*~*~tactically~*~*~ (stealth).
  6424 | D:6      | 6424 ||| INVOKING Berserk.
  6434 | D:6      | Reached skill level 6 in Fighting
  6434 | D:6      | Reached XP level 9. HP: 56/56 MP: 9/9
  6446 | D:6      | Killed Maggie
  6619 | D:6      | 6619 ||| Stepping ~*~*~tactically~*~*~ (stealth).
  6621 | D:6      | 6621 ||| Stepping ~*~*~tactically~*~*~ (hiding).
  6625 | D:6      | 6625 ||| INVOKING Berserk.
  6628 | D:6      | Reached skill level 9 in Axes
  6761 | D:6      | 6761 ||| INVOKING Berserk.
  7172 | D:6      | 7172 ||| READING scroll labelled ZEMUHA EZYUNGI.
  7229 | D:7      | Found a staircase to the Ecumenical Temple.
  7253 | D:7      | 7253 ||| Stepping ~*~*~tactically~*~*~ (stealth).
  7261 | D:7      | Reached skill level 6 in Armour
  7346 | D:7      | Found Astukhlisu's Magic Scroll Boutique.
  7354 | D:7      | 7354 ||| BUYING scroll of identify (28 gold).
  7354 | D:7      | Bought a scroll of identify for 28 gold pieces
  7354 | D:7      | 7354 ||| BUYING scroll of identify (28 gold).
  7354 | D:7      | Bought a scroll of identify for 28 gold pieces
  7390 | D:7      | 7390 ||| Stepping ~*~*~tactically~*~*~ (stealth).
  7513 | D:7      | Found Wolu Tyghiu's Assorted Antiques.
  7521 | D:7      | 7521 ||| BUYING flail (80 gold).
  7521 | D:7      | Bought a flail for 80 gold pieces
  7521 | D:7      | 7521 ||| BUYING potion of curing (69 gold).
  7521 | D:7      | Bought a potion of curing for 69 gold pieces
  7521 | D:7      | 7521 ||| SHOPLISTING potion of haste (230 gold, have 127).
  7521 | D:7      | 7521 ||| BUYING scroll of teleportation (69 gold).
  7521 | D:7      | Bought a scroll of teleportation for 69 gold pieces
  7521 | D:7      | 7521 ||| DROPPING +0 mace.
  7524 | D:7      | Found Zecegimiwi's Antique Armour Shoppe.
  7527 | D:7      | 7527 ||| SHOPLISTING pair of gloves (117 gold, have 58).
  7527 | D:7      | 7527 ||| SHOPLISTING runed plate armour (676 gold, have
                  | 58).
  7636 | D:7      | Noticed a hornet
  7645 | D:7      | Killed a hornet
  7757 | D:7      | 7757 ||| DROPPING ring of magical power.
  7758 | D:7      | 7758 ||| READING 4 scrolls of identify.
  7758 | D:7      | 7758 ||| IDENTIFYING emerald potion
  7759 | D:7      | 7759 ||| READING 3 scrolls of identify.
  7759 | D:7      | 7759 ||| IDENTIFYING fizzy red potion
  7760 | D:7      | 7760 ||| READING 2 scrolls of identify.
  7760 | D:7      | 7760 ||| IDENTIFYING fuming silvery potion
  7761 | D:7      | 7761 ||| DROPPING potion of degeneration.
  7762 | D:7      | 7762 ||| DROPPING potion of berserk rage.
  7763 | D:7      | 7763 ||| DROPPING potion of magic.
  7876 | D:7      | Reached XP level 10. HP: 63/63 MP: 10/10
  7889 | D:7      | 7889 ||| READING scroll of acquirement.
  7889 | D:7      | 7889 ||| ACQUIRING 783 gold pieces
  7889 | D:7      | Acquired 783 gold pieces
  7891 | D:7      | 7891 ||| READING 4 scrolls of teleportation.
  7930 | D:8      | 7930 ||| Stepping ~*~*~tactically~*~*~ (stealth).
  7931 | D:8      | 7931 ||| Stepping ~*~*~tactically~*~*~ (stealth).
  7951 | D:8      | 7951 ||| Stepping ~*~*~tactically~*~*~ (stealth).
  8017 | D:8      | Noticed a purple ugly thing
  8030 | D:8      | 8030 ||| INVOKING Berserk.
  8031 | D:8      | Killed a purple ugly thing
  8032 | D:8      | Reached skill level 7 in Armour
  8079 | D:8      | 8079 ||| FLEEEEING.
  8080 | D:8      | 8080 ||| FLEEEEING.
  8081 | D:8      | 8081 ||| FLEEEEING.
  8101 | D:8      | 8101 ||| INVOKING Berserk.
  8248 | D:8      | 8248 ||| Stepping ~*~*~tactically~*~*~ (stealth).
  8249 | D:8      | 8249 ||| Stepping ~*~*~tactically~*~*~ (stealth).
  8255 | D:8      | 8255 ||| INVOKING Berserk.
  8288 | D:8      | 8288 ||| Stepping ~*~*~tactically~*~*~ (stealth).
  8818 | D:8      | 8818 ||| UPGRADING to scarf of resistance.
  8828 | D:8      | 8828 ||| UPGRADING to +0 helmet.
  8833 | D:8      | 8833 ||| UPGRADING to +6 ring of dexterity.
  8835 | D:8      | 8835 ||| READING scroll labelled GULILE WUICEF.
  8836 | D:8      | 8836 ||| READING scroll labelled WYEFFA DEMU.
  8937 | D:8      | 8937 ||| READING scroll labelled MOEMOST BEADGH.
  8961 | D:8      | 8961 ||| DROPPING +0 flail.
  8994 | D:9      | Noticed a cyan ugly thing
  9002 | D:9      | Killed a cyan ugly thing
  9032 | D:9      | Reached *** piety under Trog
  9096 | D:9      | 9096 ||| READING scroll of enchant armour.
  9096 | D:9      | 9096 ||| ENCHANTING +0 helmet.
  9157 | D:9      | Noticed Pikel
  9166 | D:9      | Killed Pikel
  9167 | D:9      | Reached skill level 9 in Fighting
  9261 | D:9      | Found a stormy altar of Qazlal.
  9278 | D:9      | Found a blossoming altar of Fedhas.
  9311 | D:9      | Reached skill level 8 in Armour
  9311 | D:9      | Reached XP level 11. HP: 70/71 MP: 11/11
  9312 | D:9      | Noticed a brown ugly thing
  9313 | D:9      | 9313 ||| Stepping ~*~*~tactically~*~*~ (stealth).
  9330 | D:9      | 9330 ||| Stepping ~*~*~tactically~*~*~ (stealth).
  9335 | D:9      | Killed a brown ugly thing
  9484 | D:9      | 9484 ||| DROPPING +0 cloak.
  9485 | D:9      | 9485 ||| UPGRADING to +0 pair of gloves.
  9490 | D:9      | 9490 ||| READING scroll labelled HESECAL GUIFYIQOI.
  9491 | D:9      | 9491 ||| DRINKING 2 viscous grey potions.
  9528 | D:9      | 9528 ||| DROPPING potion of lignification.
  9567 | D:10     | Entered Level 10 of the Dungeon
  9812 | D:10     | Reached skill level 12 in Axes
  9909 | D:10     | 9909 ||| Stepping ~*~*~tactically~*~*~ (stealth).
  9915 | D:10     | 9915 ||| Stepping ~*~*~tactically~*~*~ (stealth).
  9916 | D:10     | 9916 ||| STAIRDANCE
  9919 | D:9      | 9919 ||| DRINKING 2 sedimented yellow potions.
 10020 | D:9      | 10020 ||| DROPPING potion of ambrosia.
 10023 | D:10     | 10023 ||| STAIRDANCE
 10028 | D:10     | 10028 ||| STAIRDANCE
 10039 | D:10     | 10039 ||| STAIRDANCE
 10045 | D:10     | 10045 ||| STAIRDANCE
 10055 | D:10     | 10055 ||| STAIRDANCE
 10063 | D:10     | 10063 ||| STAIRDANCE
 10077 | D:10     | 10077 ||| STAIRDANCE
 10079 | D:9      | 10079 ||| INVOKING Berserk.
 10084 | D:9      | Reached skill level 1 in Throwing
 10159 | D:10     | 10159 ||| STAIRDANCE
 10168 | D:10     | 10168 ||| STAIRDANCE
 10192 | D:10     | 10192 ||| STAIRDANCE
 10276 | D:10     | 10276 ||| STAIRDANCE
 10285 | D:10     | 10285 ||| STAIRDANCE
 10291 | D:10     | 10291 ||| STAIRDANCE
 10295 | D:9      | Reached **** piety under Trog
 10346 | D:10     | 10346 ||| STAIRDANCE
 10386 | D:10     | Found a staircase to the Orcish Mines.
 10391 | D:10     | 10391 ||| INVOKING Berserk.
 10408 | D:10     | Reached skill level 3 in Dodging
 10567 | D:10     | 10567 ||| Stepping ~*~*~tactically~*~*~ (stealth).
 10574 | D:10     | 10574 ||| Stepping ~*~*~tactically~*~*~ (stealth).
 10583 | D:10     | 10583 ||| Stepping ~*~*~tactically~*~*~ (stealth).
 10586 | D:10     | 10586 ||| Stepping ~*~*~tactically~*~*~ (stealth).
 10596 | D:10     | 10596 ||| Stepping ~*~*~tactically~*~*~ (stealth).
 10597 | D:10     | 10597 ||| Stepping ~*~*~tactically~*~*~ (stealth).
 10598 | D:10     | 10598 ||| Stepping ~*~*~tactically~*~*~ (stealth).
 10931 | D:10     | 10931 ||| DROPPING +1 cloak.
 10945 | D:11     | Noticed a manticore
 10946 | D:11     | 10946 ||| INVOKING Berserk.
 10949 | D:11     | Killed a manticore
 11101 | D:11     | Noticed a two-headed ogre
 11106 | D:11     | 11106 ||| INVOKING Berserk.
 11110 | D:11     | Killed a two-headed ogre
 11111 | D:11     | Reached skill level 9 in Armour
 11117 | D:11     | Found a staircase to the Lair.
 11131 | D:11     | Reached skill level 6 in Shields
 11161 | D:11     | Noticed a cyclops
 11174 | D:11     | 11174 ||| Stepping ~*~*~tactically~*~*~ (water).
 11175 | D:11     | 11175 ||| INVOKING Berserk.
 11178 | D:11     | Killed a cyclops
 11244 | D:11     | Found Doytoz's Magic Scroll Shoppe.
 11252 | D:11     | 11252 ||| BUYING scroll of enchant armour (135 gold).
 11252 | D:11     | Bought a scroll of enchant armour for 135 gold pieces
 11252 | D:11     | 11252 ||| BUYING scroll of enchant armour (135 gold).
 11252 | D:11     | Bought a scroll of enchant armour for 135 gold pieces
 11252 | D:11     | 11252 ||| BUYING scroll of enchant weapon (135 gold).
 11252 | D:11     | Bought a scroll of enchant weapon for 135 gold pieces
 11252 | D:11     | 11252 ||| BUYING scroll of identify (36 gold).
 11252 | D:11     | Bought a scroll of identify for 36 gold pieces
 11252 | D:11     | 11252 ||| BUYING scroll of identify (36 gold).
 11252 | D:11     | Bought a scroll of identify for 36 gold pieces
 11252 | D:11     | 11252 ||| BUYING scroll of identify (36 gold).
 11252 | D:11     | Bought a scroll of identify for 36 gold pieces
 11252 | D:11     | 11252 ||| BUYING scroll of teleportation (54 gold).
 11252 | D:11     | Bought a scroll of teleportation for 54 gold pieces
 11252 | D:11     | 11252 ||| READING 2 scrolls of enchant armour.
 11252 | D:11     | 11252 ||| ENCHANTING +0 pair of gloves.
 11253 | D:11     | 11253 ||| READING scroll of enchant armour.
 11253 | D:11     | 11253 ||| ENCHANTING +1 pair of gloves.
 11254 | D:11     | 11254 ||| READING scroll of enchant weapon.
 11254 | D:11     | 11254 ||| ENCHANTING +5 vampiric broad axe.
 11452 | D:11     | 11452 ||| DROPPING +2 flail.
 11809 | D:11     | 11809 ||| PLANNING LAIR
 11809 | D:11     | 11809 ||| READING 5 scrolls of identify.
 11809 | D:11     | 11809 ||| IDENTIFYING bubbling pink potion
 11810 | D:11     | 11810 ||| READING 4 scrolls of identify.
 11810 | D:11     | 11810 ||| IDENTIFYING dark potion
 11811 | D:11     | 11811 ||| DROPPING potion of flight.
 11853 | Lair:1   | Entered Level 1 of the Lair of Beasts
 11889 | Lair:1   | 11889 ||| READING 4 scrolls of teleportation.
 11900 | Lair:1   | Reached XP level 12. HP: 76/77 MP: 12/12
 11924 | Lair:1   | 11924 ||| Stepping ~*~*~tactically~*~*~ (stealth).
 11931 | Lair:1   | 11931 ||| INVOKING Berserk.
 12022 | Lair:1   | 12022 ||| Stepping ~*~*~tactically~*~*~ (stealth).
 12025 | Lair:1   | 12025 ||| Stepping ~*~*~tactically~*~*~ (stealth).
 12026 | Lair:1   | 12026 ||| Stepping ~*~*~tactically~*~*~ (stealth).
 12028 | Lair:1   | 12028 ||| Stepping ~*~*~tactically~*~*~ (stealth).
 12118 | Lair:1   | Found a runed translucent gate.
 12118 | Lair:1   | Found a runed translucent gate.
 12118 | Lair:1   | Found a runed translucent gate.
 12119 | Lair:1   | Noticed a great orb of eyes
 12653 | Lair:1   | Noticed qw's ghost (journeyman TrCA)
 12656 | Lair:1   | Found a viscous altar of Jiyva.
 12706 | Lair:1   | 12706 ||| READING 3 scrolls of teleportation.
 12764 | Lair:2   | Noticed Fannar
 12765 | Lair:2   | 12765 ||| Stepping ~*~*~tactically~*~*~ (hiding).
 12779 | Lair:2   | Killed Fannar
 12780 | Lair:2   | Reached skill level 3 in Throwing
 12800 | Lair:2   | Noticed Urug
 12810 | Lair:2   | 12810 ||| INVOKING Berserk.
 12813 | Lair:2   | Killed Urug
 12940 | Lair:2   | 12940 ||| Stepping ~*~*~tactically~*~*~ (hiding).
 12975 | Lair:2   | 12975 ||| Stepping ~*~*~tactically~*~*~ (stealth).
 12977 | Lair:2   | 12977 ||| Stepping ~*~*~tactically~*~*~ (stealth).
 13000 | Lair:2   | 13000 ||| INVOKING Berserk.
 13031 | Lair:2   | 13031 ||| DRINKING potion of cancellation.
 13037 | Lair:2   | HP: 13/77 [oklob plant/splash of acid (8)]
 13038 | Lair:2   | 13038 ||| READING 2 scrolls of teleportation.
 13039 | Lair:2   | 13039 ||| DRINKING 2 potions of heal wounds.
 13041 | Lair:2   | Noticed Gastronok
 13042 | Lair:2   | 13042 ||| FLEEEEING.
 13043 | Lair:2   | 13043 ||| FLEEEEING.
 13063 | Lair:2   | 13063 ||| FLEEEEING.
 13087 | Lair:2   | 13087 ||| FLEEEEING.
 13089 | Lair:2   | 13089 ||| STAIRDANCE
 13089 | Lair:2   | Noticed a five-headed hydra
 13348 | Lair:2   | 13348 ||| INVOKING Berserk.
 13361 | Lair:2   | Killed Gastronok
 13389 | Lair:2   | 13389 ||| FLEEEEING.
 13390 | Lair:2   | 13390 ||| FLEEEEING.
 13393 | Lair:2   | 13393 ||| STAIRDANCE
 13504 | Lair:2   | Reached skill level 10 in Armour
 13510 | Lair:2   | Found a staircase to the Shoals.
 13775 | Lair:2   | 13775 ||| INVOKING Brothers in Arms.
 13776 | Lair:2   | 13776 ||| INVOKING Brothers in Arms.
 13777 | Lair:2   | 13777 ||| INVOKING Brothers in Arms.
 13778 | Lair:2   | 13778 ||| INVOKING Brothers in Arms.
 13779 | Lair:2   | 13779 ||| INVOKING Brothers in Arms.
 13780 | Lair:2   | 13780 ||| INVOKING Brothers in Arms.
 13781 | Lair:2   | 13781 ||| SWAPPING to +0 morningstar.
 13782 | Lair:2   | 13782 ||| INVOKING Berserk.
 13785 | Lair:2   | Killed a five-headed hydra
 13823 | Lair:2   | Noticed Amaemon
 13824 | Lair:2   | 13824 ||| Stepping ~*~*~tactically~*~*~ (stealth).
 13825 | Lair:2   | 13825 ||| Stepping ~*~*~tactically~*~*~ (stealth).
 13826 | Lair:2   | 13826 ||| Stepping ~*~*~tactically~*~*~ (stealth).
 13827 | Lair:2   | 13827 ||| Stepping ~*~*~tactically~*~*~ (stealth).
 13828 | Lair:2   | 13828 ||| SWAPPING to +6 vampiric broad axe.
 13839 | Lair:2   | 13839 ||| INVOKING Berserk.
 13847 | Lair:2   | Killed Amaemon
 13863 | Lair:2   | 13863 ||| Stepping ~*~*~tactically~*~*~ (stealth).
 13969 | Lair:2   | 13969 ||| DROPPING +0 morningstar.
 13977 | Lair:2   | 13977 ||| Stepping ~*~*~tactically~*~*~ (stealth).
 13998 | Lair:2   | 13998 ||| Stepping ~*~*~tactically~*~*~ (stealth).
 14037 | Lair:2   | 14037 ||| Stepping ~*~*~tactically~*~*~ (stealth).
 14039 | Lair:2   | 14039 ||| Stepping ~*~*~tactically~*~*~ (stealth).
 14041 | Lair:2   | 14041 ||| Stepping ~*~*~tactically~*~*~ (stealth).
 14044 | Lair:2   | 14044 ||| Stepping ~*~*~tactically~*~*~ (stealth).
 14091 | Lair:2   | 14091 ||| Stepping ~*~*~tactically~*~*~ (stealth).
 14107 | Lair:2   | 14107 ||| Stepping ~*~*~tactically~*~*~ (stealth).
 14147 | Lair:2   | 14147 ||| INVOKING Berserk.
 14411 | Lair:2   | 14411 ||| Stepping ~*~*~tactically~*~*~ (stealth).
 14413 | Lair:2   | 14413 ||| INVOKING Berserk.
 14520 | Lair:2   | 14520 ||| Stepping ~*~*~tactically~*~*~ (stealth).
 14521 | Lair:2   | 14521 ||| Stepping ~*~*~tactically~*~*~ (stealth).
 14559 | Lair:2   | Noticed a boulder beetle
 14563 | Lair:2   | 14563 ||| INVOKING Berserk.
 14567 | Lair:2   | Killed a boulder beetle
 14794 | Lair:2   | 14794 ||| FLEEEEING.
 14798 | Lair:2   | 14798 ||| STAIRDANCE
 14921 | Lair:1   | 14921 ||| READING 2 scrolls labelled SINYIT RYLO.
 14922 | Lair:1   | 14922 ||| DROPPING scroll of blinking.
 14950 | Lair:2   | 14950 ||| FLEEEEING.
 14954 | Lair:2   | 14954 ||| STAIRDANCE
 15118 | Lair:2   | 15118 ||| INVOKING Berserk.
 15121 | Lair:2   | Reached XP level 13. HP: 82/82 MP: 13/13
 15135 | Lair:2   | HP: 5/82 [oklob plant/splash of acid (22)]
 15136 | Lair:2   | 15136 ||| READING scroll of teleportation.
 15137 | Lair:2   | 15137 ||| DRINKING potion of heal wounds.
 15421 | Lair:3   | 15421 ||| INVOKING Berserk.
 15667 | Lair:3   | 15667 ||| Stepping ~*~*~tactically~*~*~ (hiding).
 15779 | Lair:3   | 15779 ||| READING scroll of enchant weapon.
 15779 | Lair:3   | 15779 ||| ENCHANTING +6 vampiric broad axe.
 15893 | Lair:3   | Found a staircase to the Snake Pit.
 15895 | Lair:3   | 15895 ||| Stepping ~*~*~tactically~*~*~ (hiding).
 15896 | Lair:3   | 15896 ||| Stepping ~*~*~tactically~*~*~ (hiding).
 16120 | Lair:3   | 16120 ||| DROPPING +4 chain mail.
 16121 | Lair:3   | 16121 ||| READING scroll labelled JOSIOR OBITUATH.
 16138 | Lair:4   | 16138 ||| STAIRDANCE
 16205 | Lair:4   | 16205 ||| INVOKING Berserk.
 16228 | Lair:4   | 16228 ||| Stepping ~*~*~tactically~*~*~ (stealth).
 16254 | Lair:4   | You fall into a shaft and drop 1 floor!
 16254 | Lair:5   | Entered Level 5 of the Lair of Beasts
 16392 | Lair:4   | 16392 ||| DROPPING +2 morningstar of venom.
 16399 | Lair:4   | Found a frozen archway.
 16401 | Lair:4   | 16401 ||| FLEEEEING.
 16402 | Lair:4   | 16402 ||| FLEEEEING.
 16403 | Lair:4   | 16403 ||| FLEEEEING.
 16404 | Lair:4   | 16404 ||| FLEEEEING.
 16405 | Lair:4   | 16405 ||| FLEEEEING.
 16406 | Lair:4   | 16406 ||| FLEEEEING.
 16407 | Lair:4   | 16407 ||| FLEEEEING.
 16408 | Lair:4   | 16408 ||| FLEEEEING.
 16409 | Lair:4   | 16409 ||| FLEEEEING.
 16410 | Lair:4   | 16410 ||| FLEEEEING.
 16411 | Lair:4   | 16411 ||| FLEEEEING.
 16412 | Lair:4   | 16412 ||| FLEEEEING.
 16413 | Lair:4   | 16413 ||| FLEEEEING.
 16414 | Lair:4   | 16414 ||| STAIRDANCE
 16416 | Lair:3   | 16416 ||| UPGRADING to amulet of reflection.
 16426 | Lair:3   | 16426 ||| DROPPING amulet of the acrobat.
 16427 | Lair:3   | 16427 ||| DROPPING amulet of regeneration.
 16430 | Lair:4   | 16430 ||| INVOKING Berserk.
 16439 | Lair:4   | 16439 ||| STAIRDANCE
 16563 | Lair:4   | 16563 ||| Stepping ~*~*~tactically~*~*~ (stealth).
 16582 | Lair:4   | 16582 ||| INVOKING Berserk.
 16710 | Lair:4   | 16710 ||| Stepping ~*~*~tactically~*~*~ (stealth).
 16711 | Lair:4   | 16711 ||| FLEEEEING.
 16721 | Lair:4   | 16721 ||| INVOKING Berserk.
 16735 | Lair:4   | Reached skill level 15 in Axes
 16854 | Lair:4   | Found a staircase to the Slime Pits.
 16854 | Lair:4   | Found a viscous altar of Jiyva.
 17064 | Lair:4   | 17064 ||| INVOKING Berserk.
 17183 | Lair:4   | 17183 ||| INVOKING Berserk.
 17334 | Lair:4   | Identified the +1 longbow "Sohogga" {speed, MP+9 Dex+7}
 17338 | Lair:4   | 17338 ||| DROPPING ring of flight.
 17375 | Lair:5   | 17375 ||| INVOKING Berserk.
 17389 | Lair:5   | 17389 ||| STAIRDANCE
 17498 | Lair:5   | 17498 ||| Stepping ~*~*~tactically~*~*~ (hiding).
 17512 | Lair:5   | 17512 ||| Stepping ~*~*~tactically~*~*~ (stealth).
 17513 | Lair:5   | 17513 ||| Stepping ~*~*~tactically~*~*~ (stealth).
 17531 | Lair:5   | 17531 ||| Stepping ~*~*~tactically~*~*~ (stealth).
 17532 | Lair:5   | 17532 ||| INVOKING Berserk.
 17721 | Lair:5   | Reached skill level 11 in Armour
 17774 | Lair:5   | Identified the +1 ring mail of Waphigeen {Rampage rPois
                  | Will- Stlth+}
 18010 | Lair:5   | 18010 ||| INVOKING Berserk.
 18014 | Lair:5   | Reached skill level 12 in Fighting
 18089 | Lair:5   | 18089 ||| Stepping ~*~*~tactically~*~*~ (stealth).
 18266 | Lair:5   | 18266 ||| INVOKING Berserk.
 18448 | Lair:5   | 18448 ||| Stepping ~*~*~tactically~*~*~ (hiding).
 18450 | Lair:5   | 18450 ||| Stepping ~*~*~tactically~*~*~ (hiding).
 18461 | Lair:5   | Gained mutation: Your large and strong wings let you fly.
                  | [Gargoyle growth]
 18461 | Lair:5   | Reached XP level 14. HP: 86/92 MP: 14/14
 18467 | Lair:5   | 18467 ||| INVOKING Berserk.
 18538 | Lair:5   | 18538 ||| FLEEEEING.
 18539 | Lair:5   | 18539 ||| FLEEEEING.
 18540 | Lair:5   | 18540 ||| FLEEEEING.
 18541 | Lair:5   | 18541 ||| FLEEEEING.
 18542 | Lair:5   | 18542 ||| FLEEEEING.
 18543 | Lair:5   | 18543 ||| FLEEEEING.
 18683 | Lair:5   | 18683 ||| Stepping ~*~*~tactically~*~*~ (stealth).
 18705 | Lair:5   | 18705 ||| Stepping ~*~*~tactically~*~*~ (stealth).
 18710 | Lair:5   | 18710 ||| Stepping ~*~*~tactically~*~*~ (hiding).
 18735 | Lair:5   | 18735 ||| Stepping ~*~*~tactically~*~*~ (stealth).
 18844 | Lair:5   | 18844 ||| Stepping ~*~*~tactically~*~*~ (stealth).
 18878 | Lair:5   | 18878 ||| Stepping randomly (cloudy).
 18879 | Lair:5   | 18879 ||| Stepping randomly (cloudy).
 19253 | Lair:5   | Identified the +8 trident "Goxempugg" {flame, rF+ Str+2}
 19272 | Lair:5   | 19272 ||| Stepping ~*~*~tactically~*~*~ (hiding).
 19276 | Lair:5   | Reached ***** piety under Trog
 19285 | Lair:5   | 19285 ||| Stepping ~*~*~tactically~*~*~ (stealth).
 19318 | Lair:5   | 19318 ||| Stepping ~*~*~tactically~*~*~ (stealth).
 19336 | Lair:5   | Found a corrupted altar of Lugonu.
 19336 | Lair:5   | Found a one-way gate to the infinite horrors of the Abyss.
 19461 | Lair:5   | 19461 ||| PLANNING D
 19461 | Lair:5   | 19461 ||| DROPPING +1 cloak of poison resistance.
 19462 | Lair:5   | 19462 ||| UPGRADING to +0 tower shield of resistance.
 19472 | Lair:5   | 19472 ||| DROPPING +2 buckler.
 19473 | Lair:5   | 19473 ||| UPGRADING to +1 cloak.
 19688 | D:12     | 19688 ||| Stepping ~*~*~tactically~*~*~ (hiding).
 19792 | D:12     | 19792 ||| Stepping ~*~*~tactically~*~*~ (stealth).
 19793 | D:12     | 19793 ||| INVOKING Brothers in Arms.
 19795 | D:12     | 19795 ||| SWAPPING to +0 demon whip of venom.
 19796 | D:12     | 19796 ||| INVOKING Berserk.
 19812 | D:12     | Reached skill level 9 in Shields
 19819 | D:12     | 19819 ||| SWAPPING to +7 vampiric broad axe.
 20050 | D:12     | 20050 ||| Stepping ~*~*~tactically~*~*~ (hiding).
 20418 | D:12     | 20418 ||| READING scroll of enchant weapon.
 20418 | D:12     | 20418 ||| ENCHANTING +7 vampiric broad axe.
 20728 | D:13     | Found a gate to the Vaults.
 20764 | D:13     | 20764 ||| FLEEEEING.
 20765 | D:13     | 20765 ||| FLEEEEING.
 20766 | D:13     | 20766 ||| FLEEEEING.
 20780 | D:13     | 20780 ||| FLEEEEING.
 20781 | D:13     | 20781 ||| FLEEEEING.
 20784 | D:13     | 20784 ||| STAIRDANCE
 20902 | D:13     | 20902 ||| Stepping ~*~*~tactically~*~*~ (stealth).
 20904 | D:13     | 20904 ||| Stepping ~*~*~tactically~*~*~ (stealth).
 21016 | D:13     | 21016 ||| Stepping ~*~*~tactically~*~*~ (hiding).
 21040 | D:13     | Noticed Kirke
 21041 | D:13     | 21041 ||| Stepping ~*~*~tactically~*~*~ (stealth).
 21043 | D:13     | 21043 ||| INVOKING Trog's Hand.
 21044 | D:13     | 21044 ||| Stepping ~*~*~tactically~*~*~ (stealth).
 21047 | D:13     | 21047 ||| INVOKING Brothers in Arms.
 21048 | D:13     | 21048 ||| INVOKING Brothers in Arms.
 21049 | D:13     | 21049 ||| INVOKING Brothers in Arms.
 21054 | D:13     | 21054 ||| INVOKING Berserk.
 21062 | D:13     | Killed Kirke
 21193 | D:13     | 21193 ||| INVOKING Berserk.
 21354 | D:13     | 21354 ||| INVOKING Brothers in Arms.
 21361 | D:13     | 21361 ||| INVOKING Berserk.
 21687 | D:13     | 21687 ||| Stepping ~*~*~tactically~*~*~ (hiding).
 21773 | D:13     | Reached skill level 12 in Shields
 21871 | D:13     | 21871 ||| DROPPING amulet of magic regeneration.
 21872 | D:13     | 21872 ||| UPGRADING to +4 ring of evasion.
 21874 | D:13     | 21874 ||| UPGRADING to +6 ring of dexterity.
 21936 | D:14     | Noticed Josephine
 21937 | D:14     | 21937 ||| Stepping ~*~*~tactically~*~*~ (hiding).
 21949 | D:14     | Killed Josephine
 21950 | D:14     | Reached XP level 15. HP: 94/96 MP: 15/15
 22011 | D:14     | 22011 ||| READING scroll of enchant armour.
 22011 | D:14     | 22011 ||| ENCHANTING +1 helmet.
 22053 | D:14     | 22053 ||| INVOKING Brothers in Arms.
 22054 | D:14     | 22054 ||| INVOKING Brothers in Arms.
 22055 | D:14     | 22055 ||| INVOKING Brothers in Arms.
 22056 | D:14     | 22056 ||| INVOKING Brothers in Arms.
 22057 | D:14     | 22057 ||| SWAPPING to +0 demon whip of venom.
 22058 | D:14     | 22058 ||| INVOKING Berserk.
 22176 | D:14     | 22176 ||| SWAPPING to +8 vampiric broad axe.
 22234 | D:14     | Found a runed translucent door.
 22365 | D:14     | 22365 ||| Stepping ~*~*~tactically~*~*~ (stealth).
 22384 | D:14     | 22384 ||| Stepping ~*~*~tactically~*~*~ (stealth).
 22389 | D:14     | 22389 ||| Stepping ~*~*~tactically~*~*~ (stealth).
 22395 | D:14     | 22395 ||| INVOKING Berserk.
 22569 | D:14     | Found a broken altar of Ashenzari.
 22595 | D:14     | Noticed Nessos
 22599 | D:14     | 22599 ||| SWAPPING to +0 demon whip of venom.
 22600 | D:14     | 22600 ||| Stepping ~*~*~tactically~*~*~ (hiding).
 22601 | D:14     | 22601 ||| INVOKING Berserk.
 22601 | D:14     | Killed Nessos
 22613 | D:14     | 22613 ||| SWAPPING to +8 vampiric broad axe.
 22799 | D:14     | 22799 ||| Stepping ~*~*~tactically~*~*~ (stealth).
 22804 | D:14     | 22804 ||| INVOKING Berserk.
 23040 | D:14     | 23040 ||| UPGRADING to +6 ring of strength.
 23042 | D:14     | 23042 ||| DROPPING ring of protection from cold.
 23043 | D:14     | 23043 ||| DROPPING +6 ring of dexterity.
 23049 | D:15     | Entered Level 15 of the Dungeon
 23050 | D:15     | 23050 ||| PLANNING GAUNTLET
 23186 | D:15     | Found a shimmering altar of Xom.
 23195 | D:15     | 23195 ||| Stepping ~*~*~tactically~*~*~ (hiding).
 23196 | D:15     | 23196 ||| SWAPPING to +0 demon whip of venom.
 23197 | D:15     | 23197 ||| INVOKING Berserk.
 23211 | D:15     | 23211 ||| SWAPPING to +8 vampiric broad axe.
 23358 | D:15     | Noticed Azrael
 23359 | D:15     | Noticed a fire giant
 23360 | D:15     | 23360 ||| INVOKING Trog's Hand.
 23365 | D:15     | 23365 ||| INVOKING Berserk.
 23372 | D:15     | Reached skill level 15 in Shields
 23373 | D:15     | Killed Azrael
 23376 | D:15     | Found a staircase to the Depths.
 23395 | D:15     | Killed a fire giant
 23486 | D:15     | Found a gate leading to a gauntlet.
 23490 | Gauntlet | Entered a Gauntlet
 23490 | Gauntlet | Found a transporter.
 23499 | Gauntlet | Found a transporter.
 23501 | Gauntlet | Found a runed translucent door.
 23507 | Gauntlet | Noticed a storm dragon
 23508 | Gauntlet | a storm dragon changed into a yellow draconian
 23511 | Gauntlet | Noticed an azure jelly
 23511 | Gauntlet | a yellow draconian changed into an azure jelly
 23513 | Gauntlet | an azure jelly changed into a stone giant
 23514 | Gauntlet | Found a runed translucent door.
 23515 | Gauntlet | Noticed a quicksilver dragon
 23515 | Gauntlet | an iron troll changed into a quicksilver dragon
 23516 | Gauntlet | Found a transporter.
 23516 | Gauntlet | a quicksilver dragon changed into an alligator snapping
                  | turtle
 23519 | Gauntlet | Noticed a quicksilver dragon
 23519 | Gauntlet | an alligator snapping turtle changed into a quicksilver
                  | dragon
 23520 | Gauntlet | Found a transporter.
 23521 | Gauntlet | Noticed a fenstrider witch
 23521 | Gauntlet | a quicksilver dragon changed into a fenstrider witch
 23522 | Gauntlet | a fenstrider witch changed into a stone giant
 23525 | Gauntlet | Noticed a frost giant
 23525 | Gauntlet | a stone giant changed into a frost giant
 23541 | Gauntlet | Found a transporter.
 23554 | Gauntlet | Found a transporter.
 23568 | Gauntlet | Found a transporter.
 23569 | Gauntlet | Found the +11 plutonium sword {Contam Stlth-}
 23595 | Gauntlet | Found a transporter.
 23595 | Gauntlet | Found a transporter.
 23601 | Gauntlet | Found a transporter.
 23624 | Gauntlet | Found a transporter.
 23628 | Gauntlet | Found a transporter.
 23662 | Gauntlet | Noticed an azure jelly
 23662 | Gauntlet | an eleionoma changed into an azure jelly
 23669 | Gauntlet | an azure jelly changed into a minotaur
 23716 | Gauntlet | 23716 ||| DROPPING ring of positive energy.
 23780 | Gauntlet | Identified the +3 pair of gloves of the Original Sin {rElec
                  | rN+ Int+3}
 23782 | Gauntlet | 23782 ||| UPGRADING to +3 pair of gloves of the Original
                  | Sin {rElec rN+ Int+3}.
 23792 | Gauntlet | 23792 ||| DROPPING +2 pair of gloves.
 23823 | Gauntlet | 23823 ||| INVOKING Berserk.
 23933 | Gauntlet | 23933 ||| READING scroll of enchant weapon.
 23933 | Gauntlet | 23933 ||| ENCHANTING +8 vampiric broad axe.
 24028 | D:15     | 24028 ||| PLANNING D
 24164 | D:15     | 24164 ||| DROPPING ring of ice.
 24165 | D:15     | 24165 ||| PLANNING ORC
 24302 | Orc:1    | Entered Level 1 of the Orcish Mines
 24370 | Orc:1    | Received a gift from Trog
 24372 | Orc:1    | 24372 ||| DROPPING +0 demon whip of venom.
 24402 | Orc:1    | 24402 ||| Stepping ~*~*~tactically~*~*~ (stealth).
 24405 | Orc:1    | 24405 ||| Stepping ~*~*~tactically~*~*~ (hiding).
 24406 | Orc:1    | 24406 ||| Stepping ~*~*~tactically~*~*~ (hiding).
 24407 | Orc:1    | 24407 ||| Stepping ~*~*~tactically~*~*~ (hiding).
 24551 | Orc:2    | Entered Level 2 of the Orcish Mines
 24553 | Orc:2    | 24553 ||| Stepping ~*~*~tactically~*~*~ (stealth).
 24572 | Orc:2    | 24572 ||| INVOKING Berserk.
 24602 | Orc:2    | 24602 ||| FLEEEEING.
 24603 | Orc:2    | 24603 ||| STAIRDANCE
 24733 | Orc:2    | 24733 ||| Stepping ~*~*~tactically~*~*~ (stealth).
 24735 | Orc:2    | 24735 ||| Stepping ~*~*~tactically~*~*~ (stealth).
 24739 | Orc:2    | 24739 ||| Stepping ~*~*~tactically~*~*~ (stealth).
 24749 | Orc:2    | 24749 ||| INVOKING Berserk.
 24895 | Orc:2    | 24895 ||| INVOKING Berserk.
 24956 | Orc:2    | 24956 ||| INVOKING Berserk.
 24969 | Orc:2    | Reached XP level 16. HP: 101/101 MP: 16/16
 24985 | Orc:2    | 24985 ||| INVOKING Brothers in Arms.
 25192 | Orc:2    | 25192 ||| Stepping ~*~*~tactically~*~*~ (stealth).
 25193 | Orc:2    | 25193 ||| Stepping ~*~*~tactically~*~*~ (stealth).
 25197 | Orc:2    | 25197 ||| Stepping ~*~*~tactically~*~*~ (stealth).
 25199 | Orc:2    | 25199 ||| Stepping ~*~*~tactically~*~*~ (stealth).
 25330 | Orc:2    | 25330 ||| Stepping ~*~*~tactically~*~*~ (hiding).
 25334 | Orc:2    | 25334 ||| INVOKING Berserk.
 25342 | Orc:2    | Reached skill level 6 in Throwing
 25357 | Orc:2    | Found Zarora's Assorted Antiques.
 25357 | Orc:2    | Found Runaph's Book Emporium.
 25470 | Orc:2    | 25470 ||| BUYING scroll of teleportation (93 gold).
 25470 | Orc:2    | Bought a scroll of teleportation for 93 gold pieces
 25506 | Orc:2    | 25506 ||| Stepping ~*~*~tactically~*~*~ (hiding).
 25507 | Orc:2    | 25507 ||| Stepping ~*~*~tactically~*~*~ (hiding).
 25524 | Orc:2    | 25524 ||| INVOKING Berserk.
 25683 | Orc:2    | Found a staircase to the Elven Halls.
 25817 | Orc:2    | Found Nifiox's Distillery.
 25817 | Orc:2    | Found Laodaeteqagh's Magic Scroll Emporium.
 25822 | Orc:2    | 25822 ||| BUYING potion of cancellation (112 gold).
 25822 | Orc:2    | Bought a potion of cancellation for 112 gold pieces
 25822 | Orc:2    | 25822 ||| BUYING potion of curing (42 gold).
 25822 | Orc:2    | Bought a potion of curing for 42 gold pieces
 25822 | Orc:2    | 25822 ||| BUYING potion of heal wounds (70 gold).
 25822 | Orc:2    | Bought a potion of heal wounds for 70 gold pieces
 25822 | Orc:2    | 25822 ||| BUYING potion of heal wounds (70 gold).
 25822 | Orc:2    | Bought a potion of heal wounds for 70 gold pieces
 25822 | Orc:2    | 25822 ||| BUYING potion of heal wounds (70 gold).
 25822 | Orc:2    | Bought a potion of heal wounds for 70 gold pieces
 25825 | Orc:2    | 25825 ||| Stepping ~*~*~tactically~*~*~ (stealth).
 25833 | Orc:2    | 25833 ||| BUYING scroll of enchant weapon (127 gold).
 25833 | Orc:2    | Bought a scroll of enchant weapon for 127 gold pieces
 25833 | Orc:2    | 25833 ||| BUYING scroll of teleportation (51 gold).
 25833 | Orc:2    | Bought a scroll of teleportation for 51 gold pieces
 25837 | Orc:2    | 25837 ||| Stepping ~*~*~tactically~*~*~ (stealth).
 25917 | Orc:2    | 25917 ||| UPGRADING to +1 plate armour of cold resistance.
 25927 | Orc:2    | 25927 ||| DROPPING +0 plate armour.
 26081 | Orc:1    | 26081 ||| PLANNING SNAKE:1-3
 26222 | Snake:1  | Entered Level 1 of the Snake Pit
 26230 | Snake:1  | Reached skill level 12 in Armour
 26332 | Snake:1  | 26332 ||| Stepping ~*~*~tactically~*~*~ (hiding).
 26335 | Snake:1  | 26335 ||| Stepping ~*~*~tactically~*~*~ (hiding).
 26337 | Snake:1  | 26337 ||| Stepping ~*~*~tactically~*~*~ (stealth).
 26342 | Snake:1  | 26342 ||| Stepping ~*~*~tactically~*~*~ (hiding).
 26343 | Snake:1  | 26343 ||| Stepping ~*~*~tactically~*~*~ (hiding).
 26368 | Snake:1  | 26368 ||| Stepping ~*~*~tactically~*~*~ (stealth).
 26462 | Snake:1  | 26462 ||| Stepping ~*~*~tactically~*~*~ (hiding).
 26475 | Snake:1  | 26475 ||| Stepping ~*~*~tactically~*~*~ (hiding).
 26476 | Snake:1  | 26476 ||| Stepping ~*~*~tactically~*~*~ (hiding).
 26613 | Snake:1  | 26613 ||| Stepping ~*~*~tactically~*~*~ (stealth).
 26780 | Snake:1  | 26780 ||| DROPPING scarf of resistance.
 26891 | Snake:2  | 26891 ||| Stepping ~*~*~tactically~*~*~ (hiding).
 26892 | Snake:2  | 26892 ||| Stepping ~*~*~tactically~*~*~ (hiding).
 26976 | Snake:2  | 26976 ||| Stepping ~*~*~tactically~*~*~ (stealth).
 26989 | Snake:2  | 26989 ||| Stepping ~*~*~tactically~*~*~ (stealth).
 27060 | Snake:2  | 27060 ||| Stepping ~*~*~tactically~*~*~ (stealth).
 27062 | Snake:2  | 27062 ||| INVOKING Berserk.
 27213 | Snake:2  | 27213 ||| Stepping ~*~*~tactically~*~*~ (hiding).
 27214 | Snake:2  | 27214 ||| Stepping ~*~*~tactically~*~*~ (stealth).
 27216 | Snake:2  | 27216 ||| Stepping ~*~*~tactically~*~*~ (hiding).
 27217 | Snake:2  | 27217 ||| Stepping ~*~*~tactically~*~*~ (stealth).
 27219 | Snake:2  | 27219 ||| Stepping ~*~*~tactically~*~*~ (hiding).
 27311 | Snake:2  | Noticed Frances
 27312 | Snake:2  | 27312 ||| Stepping ~*~*~tactically~*~*~ (hiding).
 27313 | Snake:2  | 27313 ||| INVOKING Brothers in Arms.
 27316 | Snake:2  | 27316 ||| INVOKING Berserk.
 27325 | Snake:2  | Killed Frances
 27386 | Snake:2  | 27386 ||| Stepping ~*~*~tactically~*~*~ (stealth).
 27460 | Snake:2  | Noticed Aizul
 27461 | Snake:2  | 27461 ||| Stepping ~*~*~tactically~*~*~ (hiding).
 27462 | Snake:2  | 27462 ||| Stepping ~*~*~tactically~*~*~ (hiding).
 27463 | Snake:2  | 27463 ||| Stepping ~*~*~tactically~*~*~ (hiding).
 27464 | Snake:2  | 27464 ||| Stepping ~*~*~tactically~*~*~ (hiding).
 27465 | Snake:2  | 27465 ||| INVOKING Trog's Hand.
 27466 | Snake:2  | 27466 ||| INVOKING Brothers in Arms.
 27467 | Snake:2  | 27467 ||| INVOKING Berserk.
 27475 | Snake:2  | Killed Aizul
 27732 | Snake:2  | 27732 ||| Stepping ~*~*~tactically~*~*~ (hiding).
 27733 | Snake:2  | 27733 ||| Stepping ~*~*~tactically~*~*~ (hiding).
 27889 | Snake:2  | 27889 ||| Stepping ~*~*~tactically~*~*~ (hiding).
 27918 | Snake:2  | Noticed Vashnia
 27919 | Snake:2  | 27919 ||| INVOKING Brothers in Arms.
 27922 | Snake:2  | Noticed a nagaraja
 27924 | Snake:2  | 27924 ||| INVOKING Brothers in Arms.
 27925 | Snake:2  | 27925 ||| INVOKING Brothers in Arms.
 27926 | Snake:2  | 27926 ||| INVOKING Berserk.
 27935 | Snake:2  | Killed a nagaraja
 27949 | Snake:2  | 27949 ||| FLEEEEING.
 27950 | Snake:2  | 27950 ||| FLEEEEING.
 27951 | Snake:2  | 27951 ||| FLEEEEING.
 27952 | Snake:2  | 27952 ||| FLEEEEING.
 27965 | Snake:2  | 27965 ||| FLEEEEING.
 27966 | Snake:2  | 27966 ||| Stepping ~*~*~tactically~*~*~ (hiding).
 27969 | Snake:2  | 27969 ||| Stepping ~*~*~tactically~*~*~ (hiding).
 27981 | Snake:2  | 27981 ||| FLEEEEING.
 27996 | Snake:2  | 27996 ||| FLEEEEING.
 28009 | Snake:2  | 28009 ||| INVOKING Berserk.
 28026 | Snake:2  | Killed Vashnia
 28204 | Snake:2  | 28204 ||| Stepping ~*~*~tactically~*~*~ (stealth).
 28209 | Snake:2  | 28209 ||| Stepping ~*~*~tactically~*~*~ (stealth).
 28224 | Snake:2  | Reached skill level 13 in Armour
 28260 | Snake:2  | 28260 ||| Stepping ~*~*~tactically~*~*~ (stealth).
 28322 | Snake:2  | 28322 ||| Stepping ~*~*~tactically~*~*~ (hiding).
 28373 | Snake:2  | 28373 ||| Stepping ~*~*~tactically~*~*~ (hiding).
 28387 | Snake:2  | 28387 ||| Stepping ~*~*~tactically~*~*~ (hiding).
 28394 | Snake:2  | Reached XP level 17. HP: 108/108 MP: 17/17
 28557 | Snake:2  | 28557 ||| Stepping ~*~*~tactically~*~*~ (hiding).
 28560 | Snake:2  | 28560 ||| Stepping ~*~*~tactically~*~*~ (hiding).
 28561 | Snake:2  | 28561 ||| Stepping ~*~*~tactically~*~*~ (hiding).
 29201 | Snake:2  | 29201 ||| UPGRADING to +4 ring of protection.
 29203 | Snake:2  | 29203 ||| DROPPING +6 ring of strength.
 29204 | Snake:2  | 29204 ||| READING scroll labelled TAFREO ACSIZIH.
 29415 | Snake:3  | 29415 ||| Stepping ~*~*~tactically~*~*~ (hiding).
 29427 | Snake:3  | 29427 ||| INVOKING Berserk.
 29458 | Snake:3  | 29458 ||| INVOKING Brothers in Arms.
 29735 | Snake:3  | Reached skill level 18 in Axes
 29745 | Snake:3  | 29745 ||| INVOKING Berserk.
 30123 | Snake:3  | 30123 ||| Stepping ~*~*~tactically~*~*~ (hiding).
 30389 | Snake:3  | 30389 ||| PLANNING SHOALS:1-3
 30512 | Shoals:1 | Entered Level 1 of the Shoals
 30535 | Shoals:1 | 30535 ||| INVOKING Trog's Hand.
 30536 | Shoals:1 | 30536 ||| INVOKING Brothers in Arms.
 30540 | Shoals:1 | 30540 ||| INVOKING Berserk.
 30670 | Shoals:1 | 30670 ||| INVOKING Berserk.
 31059 | Shoals:1 | Noticed Nikola
 31060 | Shoals:1 | 31060 ||| Stepping ~*~*~tactically~*~*~ (hiding).
 31063 | Shoals:1 | 31063 ||| INVOKING Brothers in Arms.
 31065 | Shoals:1 | 31065 ||| INVOKING Berserk.
 31078 | Shoals:1 | Killed Nikola
 31190 | Shoals:1 | Found a runed translucent gate.
 31244 | Shoals:1 | Found a runed translucent gate.
 31244 | Shoals:1 | Found a runed translucent gate.
 31248 | Shoals:1 | Noticed qw's ghost (adept MiBe)
 31284 | Shoals:1 | 31284 ||| Stepping ~*~*~tactically~*~*~ (hiding).
 31285 | Shoals:1 | 31285 ||| Stepping ~*~*~tactically~*~*~ (hiding).
 31395 | Shoals:1 | 31395 ||| Stepping ~*~*~tactically~*~*~ (hiding).
 31505 | Shoals:1 | 31505 ||| Stepping ~*~*~tactically~*~*~ (hiding).
 31521 | Shoals:1 | Reached skill level 18 in Shields
 31844 | Shoals:1 | 31844 ||| UPGRADING to +1 cloak of willpower.
 31854 | Shoals:1 | 31854 ||| DROPPING +1 cloak.
 31926 | Shoals:2 | 31926 ||| INVOKING Berserk.
 32070 | Shoals:2 | 32070 ||| READING scroll of enchant armour.
 32070 | Shoals:2 | 32070 ||| ENCHANTING +1 cloak of willpower.
 32316 | Shoals:2 | Noticed a kraken
 32327 | Shoals:2 | Killed a kraken
 32563 | Shoals:2 | 32563 ||| INVOKING Trog's Hand.
 32564 | Shoals:2 | 32564 ||| INVOKING Brothers in Arms.
 32566 | Shoals:2 | 32566 ||| INVOKING Berserk.
 32820 | Shoals:2 | 32820 ||| DROPPING amulet of faith.
 32883 | Shoals:3 | Reached skill level 14 in Armour
 32902 | Shoals:3 | 32902 ||| INVOKING Trog's Hand.
 32942 | Shoals:3 | 32942 ||| INVOKING Berserk.
 33295 | Shoals:3 | 33295 ||| INVOKING Trog's Hand.
 33299 | Shoals:3 | 33299 ||| INVOKING Berserk.
 33454 | Shoals:3 | Reached XP level 18. HP: 118/118 MP: 18/18
 33454 | Shoals:3 | 33454 ||| DROPPING +7 broad axe of flaming.
 33682 | Shoals:3 | 33682 ||| INVOKING Berserk.
 33690 | Shoals:3 | Reached skill level 15 in Fighting
 33807 | Shoals:3 | 33807 ||| INVOKING Berserk.
 34134 | Shoals:3 | 34134 ||| PLANNING SNAKE:4
 34325 | Snake:4  | Entered Level 4 of the Snake Pit
 34342 | Snake:4  | 34342 ||| Stepping ~*~*~tactically~*~*~ (stealth).
 34344 | Snake:4  | 34344 ||| Stepping ~*~*~tactically~*~*~ (hiding).
 34396 | Snake:4  | 34396 ||| INVOKING Berserk.
 34549 | Snake:4  | 34549 ||| INVOKING Berserk.
 34570 | Snake:4  | Reached skill level 15 in Armour
 34683 | Snake:4  | 34683 ||| Stepping ~*~*~tactically~*~*~ (hiding).
 34689 | Snake:4  | 34689 ||| INVOKING Berserk.
 34696 | Snake:4  | Received a gift from Trog
 34828 | Snake:4  | 34828 ||| Stepping ~*~*~tactically~*~*~ (hiding).
 34838 | Snake:4  | 34838 ||| INVOKING Berserk.
 34908 | Snake:4  | 34908 ||| INVOKING Berserk.
 34933 | Snake:4  | 34933 ||| INVOKING Brothers in Arms.
 34940 | Snake:4  | Noticed a quicksilver dragon
 34951 | Snake:4  | Killed a quicksilver dragon
 34954 | Snake:4  | Noticed a quicksilver dragon
 34963 | Snake:4  | 34963 ||| INVOKING Brothers in Arms.
 34968 | Snake:4  | 34968 ||| INVOKING Berserk.
 34969 | Snake:4  | Killed a quicksilver dragon
 35114 | Snake:4  | 35114 ||| INVOKING Berserk.
 35127 | Snake:4  | 35127 ||| FLEEEEING.
 35128 | Snake:4  | 35128 ||| FLEEEEING.
 35134 | Snake:4  | 35134 ||| FLEEEEING.
 35135 | Snake:4  | 35135 ||| FLEEEEING.
 35136 | Snake:4  | 35136 ||| FLEEEEING.
 35137 | Snake:4  | 35137 ||| FLEEEEING.
 35138 | Snake:4  | 35138 ||| FLEEEEING.
 35142 | Snake:4  | 35142 ||| FLEEEEING.
 35143 | Snake:4  | 35143 ||| FLEEEEING.
 35266 | Snake:4  | 35266 ||| Stepping ~*~*~tactically~*~*~ (hiding).
 35267 | Snake:4  | 35267 ||| Stepping ~*~*~tactically~*~*~ (hiding).
 35268 | Snake:4  | 35268 ||| Stepping ~*~*~tactically~*~*~ (hiding).
 35272 | Snake:4  | 35272 ||| Stepping ~*~*~tactically~*~*~ (hiding).
 35277 | Snake:4  | 35277 ||| INVOKING Berserk.
 35579 | Snake:4  | 35579 ||| INVOKING Berserk.
 35806 | Snake:4  | Got a serpentine rune of Zot
 35855 | Snake:4  | 35855 ||| PLANNING VAULTS:1-4
 36086 | Vaults:1 | Entered Level 1 of the Vaults
 36169 | Vaults:1 | 36169 ||| Stepping ~*~*~tactically~*~*~ (hiding).
 36213 | Vaults:1 | 36213 ||| Stepping ~*~*~tactically~*~*~ (stealth).
 36223 | Vaults:1 | 36223 ||| INVOKING Berserk.
 36469 | Vaults:1 | 36469 ||| INVOKING Trog's Hand.
 36668 | Vaults:1 | Noticed a lich
 36669 | Vaults:1 | Found a transporter.
 36669 | Vaults:1 | Noticed qw's ghost (adept TrCA)
 36690 | Vaults:1 | Noticed a dread lich
 36690 | Vaults:1 | Noticed a lich
 36718 | Vaults:1 | Found a transporter.
 36786 | Vaults:1 | Noticed Asterion
 36788 | Vaults:1 | 36788 ||| Stepping randomly (cloudy).
 36790 | Vaults:1 | 36790 ||| INVOKING Berserk.
 36806 | Vaults:1 | Killed Asterion
 36807 | Vaults:1 | Reached skill level 16 in Armour
 36957 | Vaults:1 | Found the +9 scales of the Dragon King {rPois rF+ rC+
                  | Will+}
 36959 | Vaults:1 | 36959 ||| INVOKING Berserk.
 36998 | Vaults:1 | 36998 ||| Stepping ~*~*~tactically~*~*~ (stealth).
 37000 | Vaults:1 | 37000 ||| Stepping ~*~*~tactically~*~*~ (stealth).
 37001 | Vaults:1 | 37001 ||| Stepping ~*~*~tactically~*~*~ (stealth).
 37018 | Vaults:1 | Reached XP level 19. HP: 127/127 MP: 19/19
 37070 | Vaults:1 | Gained mutation: Your magical capacity is low. (-10% MP) [a
                  | shining eye]
 37074 | Vaults:1 | Gained mutation: You are clumsy. (Dex -2) [a shining eye]
 37365 | Vaults:1 | 37365 ||| Stepping ~*~*~tactically~*~*~ (hiding).
 37369 | Vaults:1 | 37369 ||| Stepping ~*~*~tactically~*~*~ (hiding).
 37370 | Vaults:1 | 37370 ||| Stepping ~*~*~tactically~*~*~ (hiding).
 37375 | Vaults:1 | 37375 ||| Stepping ~*~*~tactically~*~*~ (hiding).
 37376 | Vaults:1 | 37376 ||| Stepping ~*~*~tactically~*~*~ (stealth).
 37521 | Vaults:1 | 37521 ||| INVOKING Trog's Hand.
 37526 | Vaults:1 | 37526 ||| INVOKING Berserk.
 37530 | Vaults:1 | Noticed a Tzitzimitl
 37549 | Vaults:1 | Killed a dread lich
 37734 | Vaults:1 | 37734 ||| UPGRADING to +9 scales of the Dragon King {rPois
                  | rF+ rC+ Will+}.
 37744 | Vaults:1 | 37744 ||| DROPPING +1 plate armour of cold resistance.
 37950 | Vaults:2 | 37950 ||| INVOKING Brothers in Arms.
 37951 | Vaults:2 | 37951 ||| INVOKING Berserk.
 38081 | Vaults:2 | 38081 ||| Stepping ~*~*~tactically~*~*~ (hiding).
 38094 | Vaults:2 | 38094 ||| Stepping ~*~*~tactically~*~*~ (hiding).
 38135 | Vaults:2 | 38135 ||| INVOKING Trog's Hand.
 38172 | Vaults:2 | 38172 ||| Stepping ~*~*~tactically~*~*~ (hiding).
 38176 | Vaults:2 | 38176 ||| INVOKING Trog's Hand.
 38183 | Vaults:2 | Reached skill level 17 in Armour
 38234 | Vaults:2 | 38234 ||| FLEEEEING.
 38235 | Vaults:2 | 38235 ||| FLEEEEING.
 38236 | Vaults:2 | 38236 ||| FLEEEEING.
 38237 | Vaults:2 | 38237 ||| FLEEEEING.
 38238 | Vaults:2 | 38238 ||| FLEEEEING.
 38239 | Vaults:2 | 38239 ||| FLEEEEING.
 38240 | Vaults:2 | 38240 ||| FLEEEEING.
 38241 | Vaults:2 | 38241 ||| FLEEEEING.
 38242 | Vaults:2 | 38242 ||| FLEEEEING.
 38243 | Vaults:2 | 38243 ||| FLEEEEING.
 38244 | Vaults:2 | 38244 ||| FLEEEEING.
 38245 | Vaults:2 | 38245 ||| FLEEEEING.
 38246 | Vaults:2 | 38246 ||| FLEEEEING.
 38247 | Vaults:2 | 38247 ||| FLEEEEING.
 38248 | Vaults:2 | 38248 ||| FLEEEEING.
 38249 | Vaults:2 | 38249 ||| FLEEEEING.
 38250 | Vaults:2 | 38250 ||| FLEEEEING.
 38251 | Vaults:2 | 38251 ||| FLEEEEING.
 38252 | Vaults:2 | 38252 ||| FLEEEEING.
 38253 | Vaults:2 | 38253 ||| FLEEEEING.
 38255 | Vaults:2 | 38255 ||| FLEEEEING.
 38256 | Vaults:2 | 38256 ||| STAIRDANCE
 38306 | Vaults:2 | 38306 ||| STAIRDANCE
 38330 | Vaults:2 | 38330 ||| STAIRDANCE
 38522 | Vaults:2 | 38522 ||| Stepping ~*~*~tactically~*~*~ (stealth).
 38523 | Vaults:2 | 38523 ||| Stepping ~*~*~tactically~*~*~ (stealth).
 38535 | Vaults:2 | 38535 ||| Stepping ~*~*~tactically~*~*~ (stealth).
 38670 | Vaults:2 | 38670 ||| INVOKING Brothers in Arms.
 38672 | Vaults:2 | 38672 ||| INVOKING Berserk.
 38683 | Vaults:2 | Reached skill level 18 in Armour
 38727 | Vaults:2 | 38727 ||| Stepping ~*~*~tactically~*~*~ (stealth).
 38728 | Vaults:2 | 38728 ||| Stepping ~*~*~tactically~*~*~ (stealth).
 38749 | Vaults:2 | 38749 ||| Stepping ~*~*~tactically~*~*~ (hiding).
 38780 | Vaults:2 | 38780 ||| INVOKING Trog's Hand.
 39070 | Vaults:2 | 39070 ||| Stepping ~*~*~tactically~*~*~ (stealth).
 39072 | Vaults:2 | 39072 ||| Stepping ~*~*~tactically~*~*~ (hiding).
 39078 | Vaults:2 | 39078 ||| Stepping ~*~*~tactically~*~*~ (stealth).
 39176 | Vaults:2 | 39176 ||| Stepping ~*~*~tactically~*~*~ (stealth).
 39178 | Vaults:2 | 39178 ||| INVOKING Brothers in Arms.
 39179 | Vaults:2 | 39179 ||| INVOKING Berserk.
 39438 | Vaults:2 | Reached skill level 19 in Armour
 39568 | Vaults:3 | 39568 ||| Stepping ~*~*~tactically~*~*~ (hiding).
 39574 | Vaults:3 | 39574 ||| Stepping ~*~*~tactically~*~*~ (hiding).
 39660 | Vaults:3 | 39660 ||| Stepping ~*~*~tactically~*~*~ (stealth).
 39673 | Vaults:3 | 39673 ||| INVOKING Trog's Hand.
 39676 | Vaults:3 | 39676 ||| Stepping ~*~*~tactically~*~*~ (hiding).
 39725 | Vaults:3 | 39725 ||| Stepping ~*~*~tactically~*~*~ (hiding).
 39729 | Vaults:3 | 39729 ||| Stepping ~*~*~tactically~*~*~ (hiding).
 39760 | Vaults:3 | 39760 ||| Stepping ~*~*~tactically~*~*~ (stealth).
 39763 | Vaults:3 | 39763 ||| Stepping ~*~*~tactically~*~*~ (hiding).
 39764 | Vaults:3 | 39764 ||| Stepping ~*~*~tactically~*~*~ (hiding).
 39782 | Vaults:3 | 39782 ||| Stepping ~*~*~tactically~*~*~ (stealth).
 39785 | Vaults:3 | 39785 ||| Stepping ~*~*~tactically~*~*~ (hiding).
 39794 | Vaults:3 | Reached XP level 20. HP: 133/134 MP: 18/18
 39811 | Vaults:3 | 39811 ||| Stepping ~*~*~tactically~*~*~ (hiding).
 39813 | Vaults:3 | 39813 ||| INVOKING Trog's Hand.
 39816 | Vaults:3 | 39816 ||| Stepping ~*~*~tactically~*~*~ (hiding).
 39836 | Vaults:3 | 39836 ||| INVOKING Trog's Hand.
 39871 | Vaults:3 | 39871 ||| INVOKING Trog's Hand.
 39886 | Vaults:3 | 39886 ||| INVOKING Trog's Hand.
 39892 | Vaults:3 | Reached skill level 18 in Fighting
 39905 | Vaults:3 | 39905 ||| Stepping ~*~*~tactically~*~*~ (hiding).
 39952 | Vaults:3 | 39952 ||| FLEEEEING.
 39953 | Vaults:3 | 39953 ||| FLEEEEING.
 39954 | Vaults:3 | 39954 ||| FLEEEEING.
 39957 | Vaults:3 | 39957 ||| FLEEEEING.
 39958 | Vaults:3 | 39958 ||| FLEEEEING.
 39964 | Vaults:3 | 39964 ||| FLEEEEING.
 39965 | Vaults:3 | 39965 ||| FLEEEEING.
 39966 | Vaults:3 | 39966 ||| FLEEEEING.
 39967 | Vaults:3 | 39967 ||| FLEEEEING.
 39968 | Vaults:3 | 39968 ||| FLEEEEING.
 39969 | Vaults:3 | 39969 ||| FLEEEEING.
 39970 | Vaults:3 | 39970 ||| FLEEEEING.
 40034 | Vaults:3 | 40034 ||| READING 13 scrolls of teleportation.
 40037 | Vaults:3 | 40037 ||| FLEEEEING.
 40038 | Vaults:3 | 40038 ||| FLEEEEING.
 40073 | Vaults:3 | Found Fuacish's Antique Weapon Shop.
 40148 | Vaults:3 | Noticed Agnes
 40149 | Vaults:3 | 40149 ||| INVOKING Trog's Hand.
 40150 | Vaults:3 | 40150 ||| INVOKING Berserk.
 40155 | Vaults:3 | Received a gift from Trog
 40203 | Vaults:3 | Killed Agnes
 40295 | Vaults:3 | Found a staircase to the Crypt.
 40315 | Vaults:3 | 40315 ||| Stepping ~*~*~tactically~*~*~ (stealth).
 40325 | Vaults:3 | 40325 ||| Stepping ~*~*~tactically~*~*~ (stealth).
 40326 | Vaults:3 | 40326 ||| Stepping ~*~*~tactically~*~*~ (stealth).
 40328 | Vaults:3 | 40328 ||| Stepping ~*~*~tactically~*~*~ (stealth).
 40329 | Vaults:3 | 40329 ||| Stepping ~*~*~tactically~*~*~ (stealth).
 40330 | Vaults:3 | 40330 ||| Stepping ~*~*~tactically~*~*~ (stealth).
 40331 | Vaults:3 | 40331 ||| Stepping ~*~*~tactically~*~*~ (stealth).
 40332 | Vaults:3 | 40332 ||| Stepping ~*~*~tactically~*~*~ (stealth).
 40412 | Vaults:3 | 40412 ||| Stepping ~*~*~tactically~*~*~ (hiding).
 40416 | Vaults:3 | 40416 ||| INVOKING Trog's Hand.
 40657 | Vaults:3 | 40657 ||| INVOKING Trog's Hand.
 40675 | Vaults:3 | 40675 ||| Stepping ~*~*~tactically~*~*~ (hiding).
 40711 | Vaults:3 | 40711 ||| Stepping ~*~*~tactically~*~*~ (stealth).
 40735 | Vaults:3 | 40735 ||| Stepping ~*~*~tactically~*~*~ (stealth).
 40742 | Vaults:3 | 40742 ||| Stepping ~*~*~tactically~*~*~ (stealth).
 41032 | Vaults:4 | Found Jeshad's Antique Weapon Boutique.
 41033 | Vaults:4 | 41033 ||| Stepping ~*~*~tactically~*~*~ (hiding).
 41037 | Vaults:4 | 41037 ||| INVOKING Trog's Hand.
 41049 | Vaults:4 | Reached skill level 20 in Armour
 41068 | Vaults:4 | 41068 ||| INVOKING Trog's Hand.
 41095 | Vaults:4 | 41095 ||| INVOKING Trog's Hand.
 41118 | Vaults:4 | 41118 ||| INVOKING Berserk.
 41303 | Vaults:4 | 41303 ||| INVOKING Trog's Hand.
 41382 | Vaults:4 | 41382 ||| INVOKING Trog's Hand.
 41444 | Vaults:4 | Identified the +1 leather armour of a Gauntlet {Dex+5}
 41471 | Vaults:4 | 41471 ||| INVOKING Berserk.
 41671 | Vaults:4 | 41671 ||| INVOKING Trog's Hand.
 41751 | Vaults:4 | 41751 ||| FLEEEEING.
 41752 | Vaults:4 | 41752 ||| FLEEEEING.
 41753 | Vaults:4 | 41753 ||| FLEEEEING.
 41754 | Vaults:4 | 41754 ||| STAIRDANCE
 41935 | Vaults:4 | 41935 ||| Stepping ~*~*~tactically~*~*~ (stealth).
 42006 | Vaults:4 | 42006 ||| INVOKING Berserk.
 42293 | Vaults:4 | 42293 ||| Stepping ~*~*~tactically~*~*~ (stealth).
 42300 | Vaults:4 | 42300 ||| Stepping ~*~*~tactically~*~*~ (hiding).
 42301 | Vaults:4 | 42301 ||| Stepping ~*~*~tactically~*~*~ (hiding).
 42652 | Vaults:4 | 42652 ||| Stepping ~*~*~tactically~*~*~ (stealth).
 42653 | Vaults:4 | 42653 ||| Stepping ~*~*~tactically~*~*~ (stealth).
 42862 | Vaults:4 | 42862 ||| PLANNING SHOALS:4
 42862 | Vaults:4 | 42862 ||| DROPPING scarf of resistance.
 43124 | Shoals:4 | Entered Level 4 of the Shoals
 43142 | Shoals:4 | 43142 ||| Stepping ~*~*~tactically~*~*~ (hiding).
 43148 | Shoals:4 | 43148 ||| INVOKING Brothers in Arms.
 43149 | Shoals:4 | 43149 ||| INVOKING Brothers in Arms.
 43158 | Shoals:4 | 43158 ||| INVOKING Berserk.
 43295 | Shoals:4 | 43295 ||| Stepping ~*~*~tactically~*~*~ (hiding).
 43296 | Shoals:4 | 43296 ||| Stepping ~*~*~tactically~*~*~ (hiding).
 43298 | Shoals:4 | 43298 ||| INVOKING Trog's Hand.
 43331 | Shoals:4 | 43331 ||| Stepping ~*~*~tactically~*~*~ (hiding).
 43336 | Shoals:4 | 43336 ||| Stepping ~*~*~tactically~*~*~ (stealth).
 43344 | Shoals:4 | Received a gift from Trog
 43346 | Shoals:4 | 43346 ||| Stepping ~*~*~tactically~*~*~ (hiding).
 43358 | Shoals:4 | Reached XP level 21. HP: 144/144 MP: 18/18
 43371 | Shoals:4 | 43371 ||| Stepping ~*~*~tactically~*~*~ (hiding).
 43377 | Shoals:4 | 43377 ||| Stepping ~*~*~tactically~*~*~ (hiding).
 43395 | Shoals:4 | 43395 ||| Stepping ~*~*~tactically~*~*~ (stealth).
 43402 | Shoals:4 | 43402 ||| Stepping ~*~*~tactically~*~*~ (hiding).
 43442 | Shoals:4 | 43442 ||| Stepping ~*~*~tactically~*~*~ (hiding).
 43497 | Shoals:4 | 43497 ||| Stepping ~*~*~tactically~*~*~ (stealth).
 43501 | Shoals:4 | 43501 ||| Stepping ~*~*~tactically~*~*~ (hiding).
 43502 | Shoals:4 | 43502 ||| Stepping ~*~*~tactically~*~*~ (hiding).
 43506 | Shoals:4 | 43506 ||| INVOKING Trog's Hand.
 43507 | Shoals:4 | 43507 ||| INVOKING Brothers in Arms.
 43512 | Shoals:4 | 43512 ||| INVOKING Berserk.
 43535 | Shoals:4 | Identified the +7 arbalest of Taowau {flame, rElec rN+
                  | Str-3}
 43541 | Shoals:4 | 43541 ||| INVOKING Trog's Hand.
 43561 | Shoals:4 | 43561 ||| INVOKING Trog's Hand.
 43617 | Shoals:4 | Got a barnacled rune of Zot
 43654 | Shoals:4 | 43654 ||| Stepping ~*~*~tactically~*~*~ (hiding).
 43913 | Shoals:4 | Reached skill level 9 in Throwing
 43926 | Shoals:4 | 43926 ||| FLEEEEING.
 43927 | Shoals:4 | 43927 ||| FLEEEEING.
 43928 | Shoals:4 | 43928 ||| FLEEEEING.
 44250 | Shoals:4 | 44250 ||| PLANNING DEPTHS
 44501 | Depths:1 | Entered Level 1 of the Depths
 44513 | Depths:1 | Found an opulent altar of Gozag.
 44517 | Depths:1 | 44517 ||| Stepping ~*~*~tactically~*~*~ (hiding).
 44544 | Depths:1 | 44544 ||| Stepping ~*~*~tactically~*~*~ (stealth).
 44635 | Depths:1 | 44635 ||| Stepping ~*~*~tactically~*~*~ (hiding).
 44667 | Depths:1 | 44667 ||| Stepping ~*~*~tactically~*~*~ (stealth).
 44669 | Depths:1 | 44669 ||| Stepping ~*~*~tactically~*~*~ (stealth).
 44671 | Depths:1 | 44671 ||| Stepping ~*~*~tactically~*~*~ (stealth).
 44768 | Depths:1 | 44768 ||| Stepping ~*~*~tactically~*~*~ (stealth).
 44770 | Depths:1 | 44770 ||| Stepping ~*~*~tactically~*~*~ (hiding).
 44779 | Depths:1 | 44779 ||| Stepping ~*~*~tactically~*~*~ (hiding).
 44781 | Depths:1 | 44781 ||| Stepping ~*~*~tactically~*~*~ (hiding).
 44812 | Depths:1 | 44812 ||| Stepping ~*~*~tactically~*~*~ (hiding).
 44924 | Depths:1 | 44924 ||| Stepping ~*~*~tactically~*~*~ (stealth).
 44943 | Depths:1 | Reached skill level 21 in Armour
 45022 | Depths:1 | Found a gateway to Hell.
 45155 | Depths:1 | 45155 ||| INVOKING Trog's Hand.
 45214 | Depths:1 | 45214 ||| INVOKING Brothers in Arms.
 45215 | Depths:1 | 45215 ||| INVOKING Brothers in Arms.
 45216 | Depths:1 | 45216 ||| INVOKING Berserk.
 45230 | Depths:1 | 45230 ||| INVOKING Trog's Hand.
 45379 | Depths:1 | 45379 ||| Stepping ~*~*~tactically~*~*~ (hiding).
 45609 | Depths:2 | 45609 ||| STAIRDANCE
 45632 | Depths:2 | 45632 ||| Stepping ~*~*~tactically~*~*~ (stealth).
 45633 | Depths:2 | 45633 ||| Stepping ~*~*~tactically~*~*~ (stealth).
 45658 | Depths:2 | 45658 ||| Stepping ~*~*~tactically~*~*~ (stealth).
 45665 | Depths:2 | 45665 ||| Stepping ~*~*~tactically~*~*~ (hiding).
 45682 | Depths:2 | 45682 ||| Stepping ~*~*~tactically~*~*~ (stealth).
 45700 | Depths:2 | 45700 ||| Stepping ~*~*~tactically~*~*~ (hiding).
 45703 | Depths:2 | 45703 ||| INVOKING Trog's Hand.
 45704 | Depths:2 | 45704 ||| INVOKING Berserk.
 45704 | Depths:2 | Identified the ring of Okawaru's Envy {AC+4 Int+7}
 45737 | Depths:2 | 45737 ||| INVOKING Brothers in Arms.
 45738 | Depths:2 | 45738 ||| INVOKING Brothers in Arms.
 45746 | Depths:2 | Noticed a golden dragon
 45750 | Depths:2 | Noticed a juggernaut
 45780 | Depths:2 | 45780 ||| INVOKING Berserk.
 45781 | Depths:2 | Killed a golden dragon
 45787 | Depths:2 | Killed a juggernaut
 45810 | Depths:2 | 45810 ||| INVOKING Brothers in Arms.
 45841 | Depths:2 | Paralysed by a floating eye for 3 turns
 45846 | Depths:2 | Paralysed by a floating eye for 4 turns
 45854 | Depths:2 | Paralysed by a floating eye for 3 turns
 45859 | Depths:2 | Noticed a golden dragon
 45859 | Depths:2 | an iron dragon changed into a golden dragon
 45861 | Depths:2 | Paralysed by a floating eye for 3 turns
 45863 | Depths:2 | a golden dragon changed into an iron giant
 45865 | Depths:2 | 45865 ||| INVOKING Berserk.
 45865 | Depths:2 | Noticed a golden dragon
 45865 | Depths:2 | an iron giant changed into a golden dragon
 45868 | Depths:2 | a golden dragon changed into a shadow dragon
 45873 | Depths:2 | Noticed a golden dragon
 45873 | Depths:2 | a shadow dragon changed into a golden dragon
 45875 | Depths:2 | Paralysed by a floating eye for 2 turns
 45881 | Depths:2 | a golden dragon changed into an eleionoma
 45884 | Depths:2 | Reached XP level 22. HP: 53/149 MP: 19/19
 45884 | Depths:2 | Paralysed by a floating eye for 4 turns
 45888 | Depths:2 | HP: 27/149 [hell knight/+0 halberd of flaming (12)]
 45889 | Depths:2 | 45889 ||| READING 13 scrolls of teleportation.
 45889 | Depths:2 | HP: 10/149 [spriggan defender/+4 flail of protection (18)]
 45889 | Depths:2 | HP: 3/149 [spriggan rider/+0 spear (7)]
 45890 | Depths:2 | 45890 ||| DRINKING 7 potions of heal wounds.
 45891 | Depths:2 | 45891 ||| DRINKING 6 potions of heal wounds.
 45924 | Depths:2 | 45924 ||| INVOKING Berserk.
 45938 | Depths:2 | 45938 ||| Stepping ~*~*~tactically~*~*~ (hiding).
 46034 | Depths:2 | 46034 ||| Invisible monster not found???
 46172 | Depths:2 | 46172 ||| Stepping ~*~*~tactically~*~*~ (hiding).
 46173 | Depths:2 | 46173 ||| Stepping ~*~*~tactically~*~*~ (hiding).
 46183 | Depths:2 | 46183 ||| INVOKING Berserk.
 46237 | Depths:2 | 46237 ||| Stepping ~*~*~tactically~*~*~ (hiding).
 46246 | Depths:2 | Reached skill level 22 in Armour
 46315 | Depths:2 | 46315 ||| Stepping ~*~*~tactically~*~*~ (hiding).
 46316 | Depths:2 | 46316 ||| Stepping ~*~*~tactically~*~*~ (hiding).
 46334 | Depths:2 | Found an iron altar of Okawaru.
 46368 | Depths:2 | 46368 ||| Stepping ~*~*~tactically~*~*~ (stealth).
 46417 | Depths:2 | 46417 ||| INVOKING Brothers in Arms.
 46418 | Depths:2 | 46418 ||| INVOKING Berserk.
 46609 | Depths:2 | 46609 ||| INVOKING Trog's Hand.
 46974 | Depths:2 | 46974 ||| INVOKING Brothers in Arms.
 46975 | Depths:2 | 46975 ||| INVOKING Brothers in Arms.
 46977 | Depths:2 | 46977 ||| INVOKING Berserk.
 47107 | Depths:2 | 47107 ||| INVOKING Brothers in Arms.
 47108 | Depths:2 | Found a white marble altar of Elyvilon.
 47144 | Depths:2 | 47144 ||| Stepping ~*~*~tactically~*~*~ (hiding).
 47161 | Depths:2 | 47161 ||| Stepping ~*~*~tactically~*~*~ (stealth).
 47223 | Depths:2 | Found a one-way gate leading to the halls of Pandemonium.
 47402 | Depths:2 | 47402 ||| Stepping ~*~*~tactically~*~*~ (hiding).
 47684 | Depths:2 | 47684 ||| READING 13 scrolls of teleportation.
 47717 | Depths:3 | 47717 ||| INVOKING Trog's Hand.
 47718 | Depths:3 | 47718 ||| INVOKING Brothers in Arms.
 47720 | Depths:3 | 47720 ||| INVOKING Berserk.
 47742 | Depths:3 | Reached skill level 21 in Shields
 47765 | Depths:3 | 47765 ||| STAIRDANCE
 47950 | Depths:3 | 47950 ||| Stepping ~*~*~tactically~*~*~ (hiding).
 47956 | Depths:3 | 47956 ||| Stepping ~*~*~tactically~*~*~ (stealth).
 47958 | Depths:3 | 47958 ||| INVOKING Brothers in Arms.
 47959 | Depths:3 | 47959 ||| INVOKING Berserk.
 48126 | Depths:3 | 48126 ||| Stepping ~*~*~tactically~*~*~ (hiding).
 48135 | Depths:3 | 48135 ||| INVOKING Brothers in Arms.
 48307 | Depths:3 | 48307 ||| INVOKING Brothers in Arms.
 48308 | Depths:3 | 48308 ||| INVOKING Berserk.
 48393 | Depths:3 | Noticed Mennas
 48394 | Depths:3 | 48394 ||| Stepping ~*~*~tactically~*~*~ (stealth).
 48396 | Depths:3 | 48396 ||| INVOKING Brothers in Arms.
 48397 | Depths:3 | 48397 ||| INVOKING Brothers in Arms.
 48398 | Depths:3 | 48398 ||| INVOKING Berserk.
 48451 | Depths:3 | 48451 ||| Stepping ~*~*~tactically~*~*~ (stealth).
 48502 | Depths:3 | 48502 ||| INVOKING Berserk.
 48548 | Depths:3 | Killed Mennas
 48713 | Depths:3 | 48713 ||| FLEEEEING.
 48714 | Depths:3 | 48714 ||| FLEEEEING.
 48715 | Depths:3 | 48715 ||| FLEEEEING.
 48716 | Depths:3 | 48716 ||| FLEEEEING.
 48722 | Depths:3 | 48722 ||| FLEEEEING.
 48723 | Depths:3 | 48723 ||| FLEEEEING.
 48724 | Depths:3 | 48724 ||| FLEEEEING.
 48725 | Depths:3 | 48725 ||| FLEEEEING.
 48726 | Depths:3 | 48726 ||| FLEEEEING.
 48732 | Depths:3 | 48732 ||| FLEEEEING.
 48735 | Depths:3 | 48735 ||| FLEEEEING.
 48736 | Depths:3 | 48736 ||| FLEEEEING.
 48737 | Depths:3 | 48737 ||| FLEEEEING.
 48738 | Depths:3 | 48738 ||| FLEEEEING.
 48739 | Depths:3 | 48739 ||| FLEEEEING.
 48740 | Depths:3 | 48740 ||| FLEEEEING.
 48741 | Depths:3 | 48741 ||| STAIRDANCE
 48801 | Depths:2 | Identified the +9 quarterstaff "Ohocuh" {distort, Str+3}
 48849 | Depths:3 | 48849 ||| INVOKING Trog's Hand.
 49074 | Depths:3 | Reached skill level 23 in Armour
 49140 | Depths:3 | Noticed Grunn
 49141 | Depths:3 | 49141 ||| INVOKING Berserk.
 49156 | Depths:3 | Killed Grunn
 49204 | Depths:3 | 49204 ||| INVOKING Brothers in Arms.
 49211 | Depths:3 | Reached XP level 23. HP: 131/158 MP: 20/20
 49282 | Depths:3 | 49282 ||| Stepping ~*~*~tactically~*~*~ (stealth).
 49284 | Depths:3 | 49284 ||| Stepping ~*~*~tactically~*~*~ (stealth).
 49288 | Depths:3 | 49288 ||| Stepping ~*~*~tactically~*~*~ (stealth).
 49300 | Depths:3 | 49300 ||| Stepping ~*~*~tactically~*~*~ (stealth).
 49313 | Depths:3 | 49313 ||| Stepping ~*~*~tactically~*~*~ (stealth).
 49337 | Depths:3 | Reached skill level 21 in Fighting
 49339 | Depths:3 | 49339 ||| Stepping ~*~*~tactically~*~*~ (hiding).
 49460 | Depths:4 | Entered Level 4 of the Depths
 49474 | Depths:4 | 49474 ||| Stepping ~*~*~tactically~*~*~ (hiding).
 49475 | Depths:4 | 49475 ||| Stepping ~*~*~tactically~*~*~ (hiding).
 49476 | Depths:4 | 49476 ||| INVOKING Berserk.
 49532 | Depths:4 | 49532 ||| Stepping ~*~*~tactically~*~*~ (stealth).
 49534 | Depths:4 | 49534 ||| Stepping ~*~*~tactically~*~*~ (stealth).
 49535 | Depths:4 | 49535 ||| Stepping ~*~*~tactically~*~*~ (stealth).
 49582 | Depths:4 | 49582 ||| INVOKING Trog's Hand.
 49583 | Depths:4 | 49583 ||| INVOKING Brothers in Arms.
 49586 | Depths:4 | 49586 ||| INVOKING Berserk.
 49632 | Depths:4 | 49632 ||| FLEEEEING.
 49634 | Depths:4 | 49634 ||| FLEEEEING.
 49635 | Depths:4 | 49635 ||| FLEEEEING.
 49647 | Depths:4 | 49647 ||| Stepping ~*~*~tactically~*~*~ (stealth).
 49655 | Depths:4 | 49655 ||| INVOKING Berserk.
 49717 | Depths:4 | 49717 ||| Stepping ~*~*~tactically~*~*~ (hiding).
 49730 | Depths:4 | 49730 ||| INVOKING Berserk.
 49764 | Depths:4 | 49764 ||| FLEEEEING.
 49765 | Depths:4 | 49765 ||| FLEEEEING.
 49766 | Depths:4 | 49766 ||| FLEEEEING.
 49798 | Depths:4 | 49798 ||| Stepping ~*~*~tactically~*~*~ (stealth).
 49964 | Depths:4 | Reached skill level 12 in Throwing
 50031 | Depths:4 | Found a one-way gateway to a ziggurat.
 50140 | Depths:4 | 50140 ||| INVOKING Berserk.
 50288 | Depths:4 | 50288 ||| Stepping ~*~*~tactically~*~*~ (hiding).
 50290 | Depths:4 | 50290 ||| INVOKING Berserk.
 50424 | Depths:4 | 50424 ||| Stepping ~*~*~tactically~*~*~ (stealth).
 50428 | Depths:4 | 50428 ||| INVOKING Trog's Hand.
 50428 | Depths:4 | Noticed a golden dragon
 50429 | Depths:4 | 50429 ||| INVOKING Berserk.
 50441 | Depths:4 | Killed a golden dragon
 50627 | Depths:4 | Noticed a golden dragon
 50630 | Depths:4 | 50630 ||| INVOKING Berserk.
 50643 | Depths:4 | Killed a golden dragon
 50656 | Depths:4 | Noticed a golden dragon
 50669 | Depths:4 | Reached skill level 24 in Armour
 50673 | Depths:4 | Killed a golden dragon
 50793 | Depths:4 | Gained mutation: You are dopey. (Int -2) [mutagenic glow]
 50800 | Depths:4 | Gained mutation: You are occasionally teleported next to
                  | monsters. [mutagenic glow]
 50809 | Depths:4 | Gained mutation: You are weak. (Str -2) [mutagenic glow]
 50827 | Depths:4 | Gained mutation: You possess an exceptional clarity of
                  | mind. [mutagenic glow]
 50834 | Depths:4 | Gained mutation: Armour fits poorly on your strangely
                  | shaped body. [mutagenic glow]
 50842 | Depths:4 | 50842 ||| DRINKING 6 potions of mutation.
 50842 | Depths:4 | Lost mutation: You are clumsy. (Dex -2) [potion of
                  | mutation]
 50842 | Depths:4 | Lost mutation: You are dopey. (Int -2) [potion of mutation]
 50842 | Depths:4 | Lost mutation: You are weak. (Str -2) [potion of mutation]
 50843 | Depths:4 | 50843 ||| DRINKING 5 potions of mutation.
 50843 | Depths:4 | Lost mutation: You are occasionally teleported next to
                  | monsters. [potion of mutation]
 50843 | Depths:4 | Lost mutation: Your magical capacity is low. (-10% MP)
                  | [potion of mutation]
 50843 | Depths:4 | Lost mutation: Armour fits poorly on your strangely shaped
                  | body. [potion of mutation]
 50843 | Depths:4 | Gained mutation: Your magical capacity is low. (-10% MP)
                  | [potion of mutation]
 50843 | Depths:4 | Gained mutation: Your spells are a little harder to cast,
                  | but a little more powerful. [potion of mutation]
 50843 | Depths:4 | Lost mutation: Your spells are a little harder to cast, but
                  | a little more powerful. [potion of mutation]
 50910 | Depths:4 | Noticed a golden dragon
 50917 | Depths:4 | 50917 ||| INVOKING Berserk.
 50924 | Depths:4 | Killed a golden dragon
 51029 | Depths:4 | Noticed a golden dragon
 51030 | Depths:4 | 51030 ||| INVOKING Brothers in Arms.
 51034 | Depths:4 | 51034 ||| INVOKING Brothers in Arms.
 51042 | Depths:4 | 51042 ||| INVOKING Berserk.
 51049 | Depths:4 | Killed a golden dragon
 51050 | Depths:4 | Reached skill level 6 in Dodging
 51163 | Depths:4 | Noticed a golden dragon
 51164 | Depths:4 | 51164 ||| Stepping ~*~*~tactically~*~*~ (hiding).
 51174 | Depths:4 | Found a gate to the Realm of Zot.
 51175 | Depths:4 | Noticed a golden dragon
 51192 | Depths:4 | 51192 ||| INVOKING Berserk.
 51212 | Depths:4 | Killed a golden dragon
 51219 | Depths:4 | Killed a golden dragon
 51280 | Depths:4 | 51280 ||| FLEEEEING.
 51293 | Depths:4 | 51293 ||| Stepping ~*~*~tactically~*~*~ (hiding).
 51309 | Depths:4 | 51309 ||| Stepping ~*~*~tactically~*~*~ (stealth).
 51459 | Depths:4 | 51459 ||| INVOKING Berserk.
 51624 | Depths:4 | Noticed Jory
 51646 | Depths:4 | Killed Jory
 51797 | Depths:4 | 51797 ||| Stepping ~*~*~tactically~*~*~ (hiding).
 52061 | Depths:4 | 52061 ||| PLANNING VAULTS:5
 52360 | Vaults:5 | Entered Level 5 of the Vaults
 52361 | Vaults:5 | 52361 ||| INVOKING Trog's Hand.
 52362 | Vaults:5 | 52362 ||| STAIRDANCE
 52372 | Vaults:4 | Reached XP level 24. HP: 160/168 MP: 20/20
 52385 | Vaults:5 | 52385 ||| STAIRDANCE
 52430 | Vaults:5 | 52430 ||| STAIRDANCE
 52457 | Vaults:5 | 52457 ||| STAIRDANCE
 52486 | Vaults:5 | 52486 ||| STAIRDANCE
 52503 | Vaults:5 | Noticed an ancient lich
 52504 | Vaults:5 | 52504 ||| STAIRDANCE
 52520 | Vaults:5 | 52520 ||| INVOKING Trog's Hand.
 52521 | Vaults:5 | 52521 ||| INVOKING Brothers in Arms.
 52522 | Vaults:5 | 52522 ||| INVOKING Berserk.
 52531 | Vaults:5 | Killed an ancient lich
 52545 | Vaults:5 | 52545 ||| STAIRDANCE
 52547 | Vaults:4 | 52547 ||| INVOKING Brothers in Arms.
 52614 | Vaults:5 | 52614 ||| STAIRDANCE
 52627 | Vaults:5 | 52627 ||| INVOKING Trog's Hand.
 52640 | Vaults:5 | 52640 ||| Stepping ~*~*~tactically~*~*~ (stealth).
 52665 | Vaults:5 | Noticed a dread lich
 52666 | Vaults:5 | 52666 ||| INVOKING Brothers in Arms.
 52667 | Vaults:5 | 52667 ||| INVOKING Berserk.
 52670 | Vaults:5 | Killed a dread lich
 52799 | Vaults:5 | 52799 ||| Stepping ~*~*~tactically~*~*~ (hiding).
 52800 | Vaults:5 | 52800 ||| Stepping ~*~*~tactically~*~*~ (hiding).
 52802 | Vaults:5 | 52802 ||| INVOKING Trog's Hand.
 52812 | Vaults:5 | 52812 ||| Stepping ~*~*~tactically~*~*~ (stealth).
 52814 | Vaults:5 | 52814 ||| Stepping ~*~*~tactically~*~*~ (stealth).
 52835 | Vaults:5 | Found the +5 lochaber axe {reach-cleave, poleaxe}
 52878 | Vaults:5 | 52878 ||| INVOKING Berserk.
 53015 | Vaults:5 | 53015 ||| Stepping ~*~*~tactically~*~*~ (hiding).
 53016 | Vaults:5 | 53016 ||| INVOKING Trog's Hand.
 53124 | Vaults:5 | 53124 ||| Stepping ~*~*~tactically~*~*~ (hiding).
 53159 | Vaults:5 | 53159 ||| Stepping ~*~*~tactically~*~*~ (hiding).
 53160 | Vaults:5 | 53160 ||| INVOKING Trog's Hand.
 53215 | Vaults:5 | 53215 ||| Stepping ~*~*~tactically~*~*~ (stealth).
 53217 | Vaults:5 | 53217 ||| Stepping ~*~*~tactically~*~*~ (hiding).
 53229 | Vaults:5 | Received a gift from Trog
 53232 | Vaults:5 | 53232 ||| Stepping ~*~*~tactically~*~*~ (stealth).
 53234 | Vaults:5 | 53234 ||| Stepping ~*~*~tactically~*~*~ (hiding).
 53238 | Vaults:5 | 53238 ||| INVOKING Trog's Hand.
 53240 | Vaults:5 | 53240 ||| DRINKING 2 potions of resistance.
 53241 | Vaults:5 | 53241 ||| INVOKING Brothers in Arms.
 53242 | Vaults:5 | 53242 ||| INVOKING Berserk.
 53377 | Vaults:5 | 53377 ||| Stepping ~*~*~tactically~*~*~ (stealth).
 53398 | Vaults:5 | 53398 ||| Stepping ~*~*~tactically~*~*~ (hiding).
 53399 | Vaults:5 | 53399 ||| Stepping ~*~*~tactically~*~*~ (hiding).
 53404 | Vaults:5 | 53404 ||| INVOKING Trog's Hand.
 53406 | Vaults:5 | Reached skill level 25 in Armour
 53406 | Vaults:5 | 53406 ||| Stepping ~*~*~tactically~*~*~ (hiding).
 53420 | Vaults:5 | 53420 ||| INVOKING Berserk.
 53596 | Vaults:5 | 53596 ||| Stepping ~*~*~tactically~*~*~ (hiding).
 53616 | Vaults:5 | 53616 ||| INVOKING Trog's Hand.
 53648 | Vaults:5 | 53648 ||| Stepping ~*~*~tactically~*~*~ (stealth).
 53652 | Vaults:5 | 53652 ||| Stepping ~*~*~tactically~*~*~ (hiding).
 53653 | Vaults:5 | 53653 ||| Stepping ~*~*~tactically~*~*~ (stealth).
 53661 | Vaults:5 | 53661 ||| Stepping ~*~*~tactically~*~*~ (stealth).
 53716 | Vaults:5 | 53716 ||| INVOKING Trog's Hand.
 53753 | Vaults:5 | 53753 ||| Stepping ~*~*~tactically~*~*~ (hiding).
 53756 | Vaults:5 | 53756 ||| Stepping ~*~*~tactically~*~*~ (hiding).
 53766 | Vaults:5 | 53766 ||| INVOKING Berserk.
 53797 | Vaults:5 | 53797 ||| Stepping ~*~*~tactically~*~*~ (stealth).
 53798 | Vaults:5 | 53798 ||| Stepping ~*~*~tactically~*~*~ (stealth).
 53799 | Vaults:5 | 53799 ||| Stepping ~*~*~tactically~*~*~ (stealth).
 53863 | Vaults:5 | 53863 ||| Stepping ~*~*~tactically~*~*~ (stealth).
 53909 | Vaults:5 | 53909 ||| Stepping ~*~*~tactically~*~*~ (hiding).
 53917 | Vaults:5 | 53917 ||| Stepping ~*~*~tactically~*~*~ (stealth).
 54056 | Vaults:5 | 54056 ||| Stepping ~*~*~tactically~*~*~ (stealth).
 54057 | Vaults:5 | 54057 ||| Stepping ~*~*~tactically~*~*~ (stealth).
 54058 | Vaults:5 | 54058 ||| Stepping ~*~*~tactically~*~*~ (stealth).
 54060 | Vaults:5 | 54060 ||| Stepping ~*~*~tactically~*~*~ (hiding).
 54109 | Vaults:5 | 54109 ||| Stepping ~*~*~tactically~*~*~ (hiding).
 54113 | Vaults:5 | 54113 ||| INVOKING Trog's Hand.
 54120 | Vaults:5 | Noticed a dread lich
 54121 | Vaults:5 | 54121 ||| INVOKING Brothers in Arms.
 54126 | Vaults:5 | 54126 ||| INVOKING Berserk.
 54139 | Vaults:5 | Killed a dread lich
 54289 | Vaults:5 | 54289 ||| Stepping ~*~*~tactically~*~*~ (stealth).
 54291 | Vaults:5 | 54291 ||| Stepping ~*~*~tactically~*~*~ (hiding).
 54346 | Vaults:5 | 54346 ||| Stepping ~*~*~tactically~*~*~ (stealth).
 54347 | Vaults:5 | 54347 ||| Stepping ~*~*~tactically~*~*~ (stealth).
 54350 | Vaults:5 | 54350 ||| INVOKING Berserk.
 54362 | Vaults:5 | 54362 ||| INVOKING Trog's Hand.
 54481 | Vaults:5 | Identified the +4 trident of Dishonour {flame, rN+ Int+10
                  | Dex-3 SInv}
 54482 | Vaults:5 | 54482 ||| INVOKING Trog's Hand.
 54490 | Vaults:5 | Reached XP level 25. HP: 164/176 MP: 20/20
 54518 | Vaults:5 | Got a silver rune of Zot
 54530 | Vaults:5 | Identified the +1 robe "Ograssonu" {rC+ Dex+3}
 54830 | Vaults:5 | 54830 ||| PLANNING SHOPPING SPREE
 54830 | Vaults:5 | 54830 ||| UPGRADING to +1 helmet of see invisible.
 54840 | Vaults:5 | 54840 ||| DROPPING +1 cloak.
 54841 | Vaults:5 | 54841 ||| READING scroll of enchant armour.
 54841 | Vaults:5 | 54841 ||| ENCHANTING +1 helmet of see invisible.
 54842 | Vaults:5 | 54842 ||| DROPPING +2 helmet.
 55096 | D:7      | 55096 ||| BUYING potion of haste (230 gold).
 55096 | D:7      | Bought a potion of haste for 230 gold pieces
 55096 | D:7      | 55096 ||| PLANNING ZOT:1-4
 55096 | D:7      | 55096 ||| READING 16 scrolls of teleportation.
 55432 | Zot:1    | Entered Level 1 of the Realm of Zot
 55471 | Zot:1    | Found a transporter.
 55472 | Zot:1    | Found a transporter.
 55472 | Zot:1    | Found a huge runed gate.
 55473 | Zot:1    | Found a huge runed gate.
 55474 | Zot:1    | Found a huge runed gate.
 55475 | Zot:1    | Found a huge runed gate.
 55475 | Zot:1    | Found a huge runed gate.
 55475 | Zot:1    | Found a huge runed gate.
 55477 | Zot:1    | Found a huge runed gate.
 55477 | Zot:1    | Found a huge runed gate.
 55477 | Zot:1    | Found a huge runed gate.
 55478 | Zot:1    | Found a huge runed gate.
 55479 | Zot:1    | Found a huge runed gate.
 55479 | Zot:1    | Found a huge runed gate.
 55480 | Zot:1    | Found a huge runed gate.
 55482 | Zot:1    | Found a huge runed gate.
 55483 | Zot:1    | Found a huge runed gate.
 55494 | Zot:1    | 55494 ||| INVOKING Berserk.
 55579 | Zot:1    | 55579 ||| Stepping ~*~*~tactically~*~*~ (stealth).
 55584 | Zot:1    | Found a huge runed gate.
 55584 | Zot:1    | Found a huge runed gate.
 55584 | Zot:1    | Found a huge runed gate.
 55584 | Zot:1    | Found a huge runed gate.
 55584 | Zot:1    | Found a huge runed gate.
 55585 | Zot:1    | Found a huge runed gate.
 55586 | Zot:1    | Found a huge runed gate.
 55587 | Zot:1    | Found a huge runed gate.
 55588 | Zot:1    | Found a huge runed gate.
 55606 | Zot:1    | 55606 ||| INVOKING Berserk.
 55626 | Zot:1    | 55626 ||| INVOKING Brothers in Arms.
 55729 | Zot:1    | Found a huge runed gate.
 55729 | Zot:1    | Found a huge runed gate.
 55729 | Zot:1    | Found a huge runed gate.
 55729 | Zot:1    | Found a huge runed gate.
 55729 | Zot:1    | Found a huge runed gate.
 55740 | Zot:1    | Found a huge runed gate.
 55802 | Zot:1    | Found a huge runed gate.
 55809 | Zot:1    | Found a huge runed gate.
 55809 | Zot:1    | Found a huge runed gate.
 55814 | Zot:1    | Found a huge runed gate.
 55814 | Zot:1    | Found a huge runed gate.
 55814 | Zot:1    | Found a huge runed gate.
 55860 | Zot:1    | Found a transporter.
 55863 | Zot:1    | Found a transporter.
 55873 | Zot:1    | 55873 ||| INVOKING Berserk.
 56181 | Zot:1    | 56181 ||| INVOKING Berserk.
 56393 | Zot:1    | 56393 ||| INVOKING Berserk.
 56613 | Zot:1    | 56613 ||| INVOKING Berserk.
 56862 | Zot:1    | 56862 ||| READING 15 scrolls of teleportation.
 56954 | Zot:2    | Reached skill level 26 in Armour
 57120 | Zot:2    | 57120 ||| Stepping ~*~*~tactically~*~*~ (hiding).
 57124 | Zot:2    | 57124 ||| INVOKING Berserk.
 57253 | Zot:2    | 57253 ||| Stepping ~*~*~tactically~*~*~ (hiding).
 57258 | Zot:2    | 57258 ||| INVOKING Berserk.
 57412 | Zot:2    | 57412 ||| Stepping ~*~*~tactically~*~*~ (stealth).
 57425 | Zot:2    | 57425 ||| FLEEEEING.
 57426 | Zot:2    | 57426 ||| FLEEEEING.
 57427 | Zot:2    | 57427 ||| FLEEEEING.
 57428 | Zot:2    | 57428 ||| FLEEEEING.
 57429 | Zot:2    | 57429 ||| FLEEEEING.
 57430 | Zot:2    | 57430 ||| FLEEEEING.
 57432 | Zot:2    | 57432 ||| FLEEEEING.
 57433 | Zot:2    | 57433 ||| FLEEEEING.
 57434 | Zot:2    | 57434 ||| FLEEEEING.
 57435 | Zot:2    | 57435 ||| FLEEEEING.
 57436 | Zot:2    | 57436 ||| FLEEEEING.
 57442 | Zot:2    | 57442 ||| STAIRDANCE
 57598 | Zot:2    | 57598 ||| INVOKING Berserk.
 57613 | Zot:2    | 57613 ||| STAIRDANCE
 58088 | Zot:2    | 58088 ||| Stepping ~*~*~tactically~*~*~ (hiding).
 58095 | Zot:2    | 58095 ||| Stepping ~*~*~tactically~*~*~ (hiding).
 58104 | Zot:2    | 58104 ||| Stepping ~*~*~tactically~*~*~ (hiding).
 58622 | Zot:3    | 58622 ||| INVOKING Berserk.
 58636 | Zot:3    | Reached skill level 24 in Fighting
 58671 | Zot:3    | 58671 ||| INVOKING Brothers in Arms.
 58842 | Zot:3    | 58842 ||| Stepping ~*~*~tactically~*~*~ (hiding).
 58845 | Zot:3    | 58845 ||| INVOKING Berserk.
 58863 | Zot:3    | 58863 ||| INVOKING Brothers in Arms.
 59046 | Zot:3    | 59046 ||| INVOKING Berserk.
 59067 | Zot:3    | 59067 ||| INVOKING Brothers in Arms.
 59068 | Abyss:3  | Cast into level 3 of the Abyss (black draconian knight)
 59069 | Abyss:3  | 59069 ||| INVOKING Trog's Hand.
 59116 | Abyss:3  | 59116 ||| Stepping ~*~*~tactically~*~*~ (stealth).
 59120 | Abyss:3  | 59120 ||| INVOKING Trog's Hand.
 59150 | Abyss:3  | 59150 ||| Stepping ~*~*~tactically~*~*~ (stealth).
 59164 | Abyss:3  | 59164 ||| INVOKING Trog's Hand.
 59262 | Abyss:3  | 59262 ||| Stepping ~*~*~tactically~*~*~ (stealth).
 59264 | Abyss:3  | 59264 ||| Stepping ~*~*~tactically~*~*~ (stealth).
 59280 | Abyss:3  | 59280 ||| Stepping ~*~*~tactically~*~*~ (stealth).
 59309 | Abyss:3  | 59309 ||| Stepping ~*~*~tactically~*~*~ (stealth).
 59361 | Abyss:3  | 59361 ||| Stepping ~*~*~tactically~*~*~ (stealth).
 59362 | Abyss:3  | 59362 ||| Stepping ~*~*~tactically~*~*~ (stealth).
 59380 | Abyss:3  | 59380 ||| Stepping ~*~*~tactically~*~*~ (stealth).
 59381 | Abyss:3  | 59381 ||| Stepping ~*~*~tactically~*~*~ (stealth).
 59382 | Abyss:3  | 59382 ||| Stepping ~*~*~tactically~*~*~ (stealth).
 59383 | Abyss:3  | 59383 ||| Stepping ~*~*~tactically~*~*~ (stealth).
 59392 | Abyss:3  | 59392 ||| Stepping ~*~*~tactically~*~*~ (hiding).
 59461 | Abyss:3  | 59461 ||| Stepping ~*~*~tactically~*~*~ (hiding).
 59489 | Zot:3    | Escaped the Abyss
 59490 | Zot:3    | 59490 ||| INVOKING Berserk.
 59504 | Zot:3    | Noticed a Killer Klown
 59517 | Zot:3    | Reached XP level 26. HP: 184/184 MP: 20/20
 59525 | Zot:3    | 59525 ||| INVOKING Brothers in Arms.
 59547 | Zot:3    | Killed a Killer Klown
 59552 | Zot:3    | Noticed a dread lich
 59552 | Zot:3    | 59552 ||| INVOKING Trog's Hand.
 59553 | Zot:3    | 59553 ||| INVOKING Brothers in Arms.
 59569 | Zot:3    | Killed a dread lich
 59623 | Zot:3    | Noticed an ancient lich
 59624 | Zot:3    | 59624 ||| INVOKING Trog's Hand.
 59627 | Zot:3    | 59627 ||| INVOKING Berserk.
 59636 | Zot:3    | Killed an ancient lich
 59754 | Zot:3    | 59754 ||| Stepping ~*~*~tactically~*~*~ (stealth).
 59819 | Zot:3    | 59819 ||| INVOKING Berserk.
 59956 | Zot:3    | 59956 ||| Stepping ~*~*~tactically~*~*~ (hiding).
 60024 | Zot:3    | 60024 ||| Stepping ~*~*~tactically~*~*~ (stealth).
 60030 | Zot:3    | Reached skill level 27 in Armour
 60037 | Zot:3    | 60037 ||| Stepping ~*~*~tactically~*~*~ (stealth).
 60118 | Zot:3    | 60118 ||| Stepping ~*~*~tactically~*~*~ (stealth).
 60120 | Zot:3    | 60120 ||| INVOKING Berserk.
 60135 | Zot:3    | 60135 ||| Stepping ~*~*~tactically~*~*~ (stealth).
 60163 | Zot:3    | 60163 ||| FLEEEEING.
 60286 | Zot:3    | 60286 ||| Stepping ~*~*~tactically~*~*~ (stealth).
 60719 | Zot:4    | 60719 ||| INVOKING Berserk.
 60746 | Zot:4    | 60746 ||| Stepping ~*~*~tactically~*~*~ (hiding).
 60954 | Zot:4    | 60954 ||| Stepping ~*~*~tactically~*~*~ (hiding).
 61091 | Zot:4    | 61091 ||| Stepping ~*~*~tactically~*~*~ (stealth).
 61093 | Zot:4    | 61093 ||| Stepping ~*~*~tactically~*~*~ (hiding).
 61123 | Zot:4    | 61123 ||| INVOKING Berserk.
 61306 | Zot:4    | 61306 ||| INVOKING Berserk.
 61404 | Zot:4    | 61404 ||| Stepping ~*~*~tactically~*~*~ (stealth).
 61412 | Zot:4    | 61412 ||| Stepping ~*~*~tactically~*~*~ (hiding).
 61439 | Zot:4    | 61439 ||| Stepping ~*~*~tactically~*~*~ (hiding).
 61442 | Zot:4    | 61442 ||| INVOKING Berserk.
 61529 | Zot:4    | 61529 ||| Stepping ~*~*~tactically~*~*~ (stealth).
 61532 | Zot:4    | 61532 ||| FLEEEEING.
 61533 | Zot:4    | 61533 ||| FLEEEEING.
 61534 | Zot:4    | 61534 ||| FLEEEEING.
 61535 | Zot:4    | 61535 ||| FLEEEEING.
 61536 | Zot:4    | 61536 ||| FLEEEEING.
 61538 | Zot:4    | 61538 ||| FLEEEEING.
 61539 | Zot:4    | 61539 ||| FLEEEEING.
 61554 | Zot:4    | 61554 ||| FLEEEEING.
 61579 | Zot:4    | 61579 ||| INVOKING Berserk.
 61665 | Zot:4    | 61665 ||| FLEEEEING.
 61666 | Zot:4    | 61666 ||| FLEEEEING.
 61667 | Zot:4    | 61667 ||| FLEEEEING.
 61668 | Zot:4    | 61668 ||| STAIRDANCE
 61832 | Zot:4    | 61832 ||| Stepping ~*~*~tactically~*~*~ (hiding).
 61833 | Zot:4    | 61833 ||| Stepping ~*~*~tactically~*~*~ (hiding).
 61842 | Zot:4    | 61842 ||| INVOKING Berserk.
 61916 | Zot:4    | 61916 ||| Stepping ~*~*~tactically~*~*~ (stealth).
 61918 | Zot:4    | 61918 ||| INVOKING Berserk.
 61952 | Zot:4    | 61952 ||| INVOKING Brothers in Arms.
 62061 | Zot:4    | 62061 ||| Stepping ~*~*~tactically~*~*~ (hiding).
 62194 | Zot:4    | 62194 ||| Stepping ~*~*~tactically~*~*~ (hiding).
 62197 | Zot:4    | 62197 ||| INVOKING Berserk.
 62541 | Zot:4    | 62541 ||| Stepping ~*~*~tactically~*~*~ (stealth).
 62686 | Zot:4    | 62686 ||| FLEEEEING.
 62687 | Zot:4    | 62687 ||| FLEEEEING.
 62688 | Zot:4    | 62688 ||| FLEEEEING.
 62708 | Zot:4    | 62708 ||| FLEEEEING.
 62709 | Zot:4    | 62709 ||| FLEEEEING.
 62710 | Zot:4    | 62710 ||| FLEEEEING.
 62711 | Zot:4    | 62711 ||| FLEEEEING.
 62712 | Zot:4    | 62712 ||| FLEEEEING.
 62713 | Zot:4    | 62713 ||| FLEEEEING.
 62714 | Zot:4    | 62714 ||| FLEEEEING.
 62729 | Zot:4    | 62729 ||| FLEEEEING.
 62730 | Zot:4    | 62730 ||| FLEEEEING.
 62731 | Zot:4    | 62731 ||| FLEEEEING.
 62746 | Zot:4    | 62746 ||| FLEEEEING.
 62747 | Zot:4    | 62747 ||| FLEEEEING.
 62748 | Zot:4    | 62748 ||| FLEEEEING.
 62751 | Zot:4    | 62751 ||| STAIRDANCE
 62961 | Zot:4    | 62961 ||| STAIRDANCE
 63047 | Zot:3    | 63047 ||| INVOKING Berserk.
 63160 | Zot:4    | 63160 ||| INVOKING Berserk.
 63165 | Zot:4    | 63165 ||| STAIRDANCE
 63694 | Zot:4    | 63694 ||| PLANNING ORB
 63700 | Zot:5    | Entered Level 5 of the Realm of Zot
 63718 | Zot:5    | 63718 ||| INVOKING Berserk.
 63848 | Zot:5    | Found a transporter.
 63849 | Zot:5    | Found a transporter.
 63855 | Zot:5    | Noticed a Killer Klown
 63857 | Zot:5    | 63857 ||| INVOKING Berserk.
 63863 | Zot:5    | Killed a Killer Klown
 63993 | Zot:5    | Found a transporter.
 63995 | Zot:5    | Found a transporter.
 64065 | Zot:5    | 64065 ||| INVOKING Berserk.
 64184 | Zot:5    | Found a transporter.
 64206 | Zot:5    | Found a transporter.
 64344 | Zot:5    | Noticed a dread lich
 64345 | Zot:5    | 64345 ||| INVOKING Trog's Hand.
 64348 | Zot:5    | Noticed an orb of fire
 64349 | Zot:5    | Noticed an orb of fire
 64349 | Zot:5    | 64349 ||| DRINKING 2 potions of resistance.
 64351 | Zot:5    | 64351 ||| INVOKING Berserk.
 64356 | Zot:5    | Lost mutation: You possess an exceptional clarity of mind.
                  | [an orb of fire]
 64359 | Zot:5    | Gained mutation: You occasionally lose the ability to read
                  | scrolls when taking damage. [an orb of fire]
 64360 | Zot:5    | Gained mutation: Your mind is acute. (Int +4, Str/Dex -1)
                  | [an orb of fire]
 64366 | Zot:5    | Killed a dread lich
 64371 | Zot:5    | Noticed an orb of fire
 64372 | Zot:5    | Reached XP level 27. HP: 196/196 MP: 1/20
 64372 | Zot:5    | Gained mutation: Your muscles are strong. (Str +4, Int/Dex
                  | -1) [an orb of fire]
 64378 | Zot:5    | Gained mutation: Your magical capacity is very low. (-20%
                  | MP) [an orb of fire]
 64378 | Zot:5    | Gained mutation: Your magical capacity is extremely low.
                  | (-30% MP) [an orb of fire]
 64379 | Zot:5    | Gained mutation: You are clumsy. (Dex -2) [an orb of fire]
 64379 | Zot:5    | Gained mutation: You occasionally shout uncontrollably at
                  | your foes. [an orb of fire]
 64380 | Zot:5    | Lost mutation: Your muscles are strong. (Str +4, Int/Dex
                  | -1) [an orb of fire]
 64382 | Zot:5    | Gained mutation: You are frail. (-10% HP) [an orb of fire]
 64385 | Zot:5    | Gained mutation: You are very clumsy. (Dex -4) [an orb of
                  | fire]
 64385 | Zot:5    | Noticed an orb of fire
 64387 | Zot:5    | Lost mutation: You are frail. (-10% HP) [an orb of fire]
 64388 | Zot:5    | Gained mutation: You are frail. (-10% HP) [an orb of fire]
 64388 | Zot:5    | Gained mutation: Your body sometimes deteriorates upon
                  | taking damage. [an orb of fire]
 64391 | Zot:5    | Killed an orb of fire
 64391 | Zot:5    | Gained mutation: Your body often deteriorates upon taking
                  | damage. [an orb of fire]
 64393 | Zot:5    | Lost mutation: Your mind is acute. (Int +4, Str/Dex -1) [an
                  | orb of fire]
 64393 | Zot:5    | Noticed an orb of fire
 64394 | Zot:5    | Gained mutation: Your spells are a little easier to cast,
                  | but a little less powerful. [an orb of fire]
 64395 | Zot:5    | 64395 ||| DRINKING potion of resistance.
 64398 | Zot:5    | Gained mutation: Your spells are easier to cast, but less
                  | powerful. [an orb of fire]
 64400 | Zot:5    | Gained mutation: You sometimes lose your temper in combat.
                  | [an orb of fire]
 64401 | Zot:5    | Gained mutation: You are dopey. (Int -2) [an orb of fire]
 64401 | Zot:5    | Gained mutation: Your spells are much easier to cast, but
                  | much less powerful. [an orb of fire]
 64402 | Zot:5    | Gained mutation: Potions are less effective at restoring
                  | your health. [an orb of fire]
 64402 | Zot:5    | Lost mutation: You are frail. (-10% HP) [an orb of fire]
 64406 | Zot:5    | Gained mutation: You occasionally lose the ability to drink
                  | potions when taking damage. [an orb of fire]
 64407 | Zot:5    | Killed an orb of fire
 64410 | Zot:5    | Gained mutation: Armour fits poorly on your strangely
                  | shaped body. [an orb of fire]
 64413 | Zot:5    | Killed an orb of fire
 64413 | Zot:5    | Gained mutation: You are weak. (Str -2) [an orb of fire]
 64413 | Zot:5    | Gained mutation: You are very weak. (Str -4) [an orb of
                  | fire]
 64414 | Zot:5    | Reached skill level 1 in Evocations
 64414 | Zot:5    | Gained mutation: You are frail. (-10% HP) [an orb of fire]
 64421 | Zot:5    | Gained mutation: You have an uncontrollable temper. [an orb
                  | of fire]
 64421 | Zot:5    | Gained mutation: You frequently scream uncontrollably at
                  | your foes. [an orb of fire]
 64423 | Zot:5    | Lost mutation: You occasionally lose the ability to drink
                  | potions when taking damage. [an orb of fire]
 64424 | Zot:5    | 64424 ||| INVOKING Berserk.
 64424 | Zot:5    | Lost mutation: Potions are less effective at restoring your
                  | health. [an orb of fire]
 64428 | Zot:5    | Killed an orb of fire
 64430 | Zot:5    | Reached skill level 3 in Evocations
 64432 | Zot:5    | Gained mutation: You are occasionally teleported next to
                  | monsters. [an orb of fire]
 64443 | Zot:5    | Killed an orb of fire
 64469 | Zot:5    | 64469 ||| INVOKING Brothers in Arms.
 64521 | Zot:5    | Noticed an orb of fire
 64522 | Zot:5    | 64522 ||| INVOKING Berserk.
 64532 | Zot:5    | Gained mutation: You are very dopey. (Int -4) [an orb of
                  | fire]
 64539 | Zot:5    | Lost mutation: You are frail. (-10% HP) [an orb of fire]
 64548 | Zot:5    | HP: 37/197 [orb of fire/bolt of fire (19)]
 64549 | Zot:5    | 64549 ||| READING 17 scrolls of teleportation.
 64550 | Zot:5    | 64550 ||| DRINKING 10 potions of heal wounds.
 64551 | Zot:5    | 64551 ||| DRINKING 9 potions of heal wounds.
 64556 | Zot:5    | HP: 25/197 [orb of fire/fireball (30)]
 64556 | Zot:5    | Gained mutation: You have hidden genetic defects. [an orb
                  | of fire]
 64557 | Zot:5    | 64557 ||| DRINKING 8 potions of heal wounds.
 64558 | Zot:5    | 64558 ||| DRINKING 7 potions of heal wounds.
 64566 | Zot:5    | HP: 45/197 [Orb Guardian (31)]
 64567 | Zot:5    | 64567 ||| DRINKING 6 potions of heal wounds.
 64571 | Zot:5    | 64571 ||| READING 16 scrolls of teleportation.
 64571 | Zot:5    | HP: 25/197 [Orb Guardian (14)]
 64572 | Zot:5    | 64572 ||| DRINKING 5 potions of heal wounds.
 64572 | Zot:5    | HP: 8/197 [Orb Guardian (32)]
 64572 | Zot:5    | Demolished by an Orb Guardian

Levels and vault maps discovered:
D:1:      dpeg_arrival_tiny_a, layout_loops_ring, grunt_decor_mini_mirrors,
          minmay_door_square, palyth_stone_intersect,
          chequers_serial_rivers_room_a
D:2:      layout_loops_corners, nicolae_ecumenical_snake_handling
D:3:      layout_basic, jmf_multi_god_temple2, nicolae_hexahallways
D:4:      layout_layer_cave, moated_statue, uniq_eustachio
D:5:      layout_basic, mrwooster_statue_mirror, uniq_duvessa, uniq_menkaure,
          uniq_grinder
D:6:      layout_basic, uniq_maggie
D:7:      layout_rooms, minmay_temple_entry_trees, serial_shops, shop,
          nicolae_shop_trees, kennysheep_mini, nicolae_fountain_basement
D:8:      hangedman_cross_stitches, layout_basic
D:9:      layout_rooms, grunt_temple_overflow_forces_of_nature, grunt_decor_cap,
          minivault_20, uniq_pikel
D:10:     layout_loops_cross, erik_orc_4, special_room [special_room_orc],
          eino_jars
D:11:     layout_loops_ring, erik_lair_island, serial_shops, shop
D:12:     layout_long_grid, minmay_fractal_squares_diagonal_5
D:13:     layout_irregular_city, david_vaults_5, uniq_kirke
D:14:     cheibrodos_shockbox, layout_loops_ring, cheibrodos_ashenzari_chains,
          uniq_nessos, uniq_josephine
D:15:     grunt_enter_depths_giant_problem, layout_basic,
          gauntlet_entry_generic, old_standard_altar, uniq_azrael
Lair:1:   layout_gridlike, gammafunk_ghost_ooze,
          eino_small_chamber_without_monster
Lair:2:   lemuel_ratsnest, layout_chaotic_city, elwin_shoals_entry_rooms,
          minmay_lair_oklob_bushes, uniq_fannar, uniq_gastronok, uniq_amaemon,
          uniq_urug
Lair:3:   layout_misc_corridors, guppyfry_snake_entry_garden,
          serial_bayou_shore_b
Lair:4:   dpeg_oklob_gauntlet, layout_concentric_octagons,
          minmay_slime_entry_pillars, portal_ice_cave_entry_pillars_2
Lair:5:   hellmonk_lair_end_abyssal_woods, layout_layer_cave,
          nicolae_volcano_entry_s_turn, lookout_lair_type, minivault_25,
          grunt_forest_large_clearing_hut, serial_bayou_shore_a,
          grunt_megastairs_1
Shoals:1: cheibrodos_shoals_roost, layout_shoals, gammafunk_ghost_tricky_traps,
          uniq_nikola
Shoals:2: layout_shoals, nicolae_shoals_dead_sea_scrolls
Shoals:3: layout_shoals, st_sunken_temple
Shoals:4: shoals_end_hellmonk_lost_city
Snake:1:  layout_rooms, hangedman_snake_thin_pillar_pass
Snake:2:  minmay_snake_river, layout_layer_cave, uniq_aizul, uniq_vashnia,
          uniq_frances
Snake:3:  layout_cave_shapes, serial_bayou_lagoon_a, st_stairs_5,
          nicolae_snake_guarding_the_ruins
Snake:4:  hellmonk_snake_rune_quicksilver_temple, layout_grid_shapes,
          nicolae_snake_squiggles
Orc:1:    layout_caves, serial_shops
Orc:2:    st_orc_town, layout_caves
Vaults:1: gammafunk_ghost_mausoleum, v_alt_pattern_1,
          nicolae_vaults_little_squares_4, v_alt_pattern_1,
          nicolae_vaults_bisected_slash, vaults_room_stairs_pillars,
          vaults_dpeg_ring, st_more_cells, v_alt_pattern_2,
          nicolae_vaults_rhombus_6, vaults_room_hallway, layout_vaults_omnigrid,
          uniq_asterion
Vaults:2: nicolae_vaults_quadrants, nicolae_vaults_inception_corners,
          ontoclasm_vaults_decontamination, vaults_dpeg_hooks,
          nicolae_vaults_little_squares_5, vaults_room_door_hall, serial_ice_b,
          v_alt_pattern_6, vaults_dpeg_diagonal,
          ontoclasm_vaults_loading_screen, grunt_vaults_funnel,
          layout_vaults_omnibox
Vaults:3: minmay_crypt_entry_simple_corners, vaults_room_fours,
          hangedman_vaults_slice, nicolae_vaults_network_star,
          hangedman_vaults_trim, v_misc_29, nicolae_vaults_little_squares_1,
          hangedman_vaults_trim, vaults_room_door_ring, vaults_room_grid,
          sword_in_stone, vaults_room_grid, nicolae_vaults_asterisk,
          layout_vaults_maze, serial_shops, shop
Vaults:4: nicolae_vaults_little_squares_6, v_rooms_2, serial_ice_b, v_misc_10,
          v_misc_22, nicolae_vaults_little_squares_3, hangedman_vaults_capsules,
          v_misc_3, v_misc_2, nicolae_vaults_gold_heap, hangedman_vaults_cutoff,
          ontoclasm_vaults_ligature, hangedman_vaults_impose,
          hangedman_vaults_corner_blocks, vaults_room_semicircle,
          vaults_room_pool, layout_vaults_omnicross, serial_shops, shop
Vaults:5
Depths:1: layout_roguey, grunt_gozag_statues, hell_entry, nooodl_orcs_dogs
Depths:2: minmay_the_grid_octo_tiled_squarecenter_mashed
          [minmay_the_grid_octo_chip, minmay_the_grid_octo_vomiting_pacman,
          minmay_the_grid_octo_pinwheel, minmay_the_grid_octo_concentric,
          minmay_the_grid_square_5x5_megaprize_diamond,
          minmay_the_grid_square_5x5_minimal,
          minmay_the_grid_square_5x5_inner_v,
          minmay_the_grid_square_5x5_checkered,
          minmay_the_grid_square_5x5_misaligned], layout_basic,
          lightli_too_deep, rand_demon_pan_entry_3, elyvilon_altar_5,
          abyss_entry, nicolae_water_bricks, infiniplex_staircase_spiral,
          firewood_loft
Depths:3: minmay_inner_zag, layout_cave_shapes, marbit_kobold_abyss_entry,
          nicolae_twisting_strands, pf_hell_entry_tar_river,
          infiniplex_staircase_pillars_3a, uniq_mennas, uniq_grunn
Depths:4: lemuel_castle_with_subvaults [lemuel_castle_interior_carwin_1],
          layout_gridlike, enter_ziggurat_e, grunt_pan_entry_in_and_out,
          pf_coc_iceberg, nicolae_lava_and_water, uniq_jory
Zot:1:    layout_gridlike, gammafunk_ghost_door_vault, st_stairs_5,
          nicolae_diode_quadrants
Zot:2:    layout_gridville, grunt_ministairs_12
Zot:3:    hangedman_snap_crack_crunch, layout_onion_interference,
          grunt_ministairs_9
Zot:4:    layout_concentric_octagons, grunt_megastairs_5
Zot:5:    layout_basic, serial_nicolae_subway, nicolae_sub_station_metal,
          nicolae_sub_station_crystal, nicolae_sub_station_stone

Skill      XL: |  1  2  3  4  5  6  7  8  9 10 11 12 13 14 15 16 17 18 19 20 21 22 23 24 25 26 27 |
---------------+----------------------------------------------------------------------------------+-----
Axes           | 3 4 5 7 8 10 11 12 14 15 16 17 18 | 18.0
Fighting       | 4 6 7 9 10 12 13 14 16 17 19 20 22 23 24 26 | 26.9
Shields        | 2 3 4 5 6 7 12 16 17 18 19 20 21 22 | 22.9
Armour         | 3 5 6 8 9 10 11 13 14 16 19 20 21 23 24 25 26 27 | 27.0
Dodging        | 2 3 4 6 7 |  7.6
Throwing       | 2 4 5 6 11 12 13 14 | 14.0
Evocations     | 4 |  4.6

Action                   |  1- 3 |  4- 6 |  7- 9 | 10-12 | 13-15 | 16-18 | 19-21 | 22-24 | 25-27 || total
-------------------------+-------+-------+-------+-------+-------+-------+-------+-------+-------++-------
Melee: Hand axe          |    94 |     3 |       |       |       |       |       |       |       ||    97
       Broad axe         |       |    77 |   153 |   564 |   859 |  1304 |  1485 |  1720 |  1405 ||  7567
       Morningstar       |       |       |       |     3 |       |       |       |       |       ||     3
       Demon whip        |       |       |       |       |    42 |       |       |       |       ||    42
Throw: Boomerang         |       |       |       |    61 |    92 |    66 |    54 |       |       ||   273
       Javelin           |       |       |       |    30 |    59 |    20 |    17 |    81 |    98 ||   305
Invok: Berserk           |     1 |     2 |     7 |    18 |    27 |    30 |    14 |    30 |    32 ||   161
       Trog's Hand       |       |       |     1 |       |     2 |     6 |    25 |    18 |     6 ||    58
       Brothers in Arms  |       |       |       |     1 |     4 |    11 |     8 |    16 |     8 ||    48
  Use: Scroll            |     3 |     5 |     7 |    16 |     6 |     2 |     1 |     2 |     5 ||    47
       Potion            |       |     4 |     2 |     4 |     1 |       |       |     5 |     8 ||    24
 Stab: Distracted        |       |       |       |     1 |     2 |     1 |       |     3 |     1 ||     8
       Confused          |       |       |       |       |       |       |       |       |     7 ||     7
Armor: Animal skin       |    16 |       |       |       |       |       |       |       |       ||    16
       Chain mail        |    24 |    77 |    24 |       |       |       |       |       |       ||   125
       Plate armour      |       |       |    64 |   348 |   421 |   412 |    19 |       |       ||  1264
       Gold dragon scale |       |       |       |       |       |       |   831 |  1278 |  1056 ||  3165
Dodge: Dodged            |    40 |    39 |    48 |   205 |   202 |   261 |   355 |   567 |   529 ||  2246
Block: Buckler           |       |       |    37 |   183 |   204 |       |       |       |       ||   424
       Reflection        |       |       |       |       |    34 |   138 |   107 |    49 |    23 ||   351
       Tower shield      |       |       |       |       |   542 |  1315 |  1615 |  1991 |  1739 ||  7202

Table legend:
 A = Non-vault XP
 B = Vault XP
 C = Vault XP percentage of total XP
 D = Non-vault monster count
 E = Vault monster count
 F = Vault count percentage of total count
                 A         B        C        D         E       F
            +---------+---------+-------+---------+---------+-------
      Total |  727998 |  591785 |  44.8 |    1216 |     779 |  39.0
            +---------+---------+-------+---------+---------+-------
        D:1 |      47 |       0 |   0.0 |      19 |       0 |   0.0
        D:2 |      43 |      17 |  28.3 |      11 |       4 |  26.7
        D:3 |      57 |       0 |   0.0 |      14 |       0 |   0.0
        D:4 |     134 |     188 |  58.4 |      13 |       1 |   7.1
        D:5 |     455 |     646 |  58.7 |      12 |       4 |  25.0
        D:6 |    1350 |     404 |  23.0 |      17 |       1 |   5.6
        D:7 |    1196 |     476 |  28.5 |      10 |       4 |  28.6
        D:8 |     777 |    1608 |  67.4 |      19 |      10 |  34.5
        D:9 |    1753 |    1831 |  51.1 |      15 |      24 |  61.5
       D:10 |    2155 |     956 |  30.7 |      15 |      26 |  63.4
       D:11 |    3326 |     597 |  15.2 |      12 |       6 |  33.3
       D:12 |    4102 |    3494 |  46.0 |      11 |      10 |  47.6
       D:13 |    6140 |    4547 |  42.5 |      18 |       9 |  33.3
       D:14 |   11995 |    2982 |  19.9 |      22 |       7 |  24.1
       D:15 |   12988 |    3378 |  20.6 |      24 |      10 |  29.4
     Lair:1 |    3700 |       0 |   0.0 |      23 |       0 |   0.0
     Lair:2 |    4254 |    6370 |  60.0 |      13 |      48 |  78.7
     Lair:3 |    3859 |     166 |   4.1 |      15 |       1 |   6.2
     Lair:4 |    5867 |    1736 |  22.8 |      19 |       6 |  24.0
     Lair:5 |   10081 |   13663 |  57.5 |      31 |      45 |  59.2
   Shoals:1 |    7777 |    5420 |  41.1 |      15 |       7 |  31.8
   Shoals:2 |    9449 |       0 |   0.0 |      22 |       0 |   0.0
   Shoals:3 |   12794 |    7261 |  36.2 |      24 |       9 |  27.3
   Shoals:4 |    8775 |   29121 |  76.8 |      18 |      44 |  71.0
    Snake:1 |    9570 |       0 |   0.0 |      20 |       0 |   0.0
    Snake:2 |   21304 |   18245 |  46.1 |      44 |      19 |  30.2
    Snake:3 |   17802 |    7497 |  29.6 |      41 |      15 |  26.8
    Snake:4 |   13625 |   17196 |  55.8 |      28 |      20 |  41.7
      Orc:1 |    1259 |       0 |   0.0 |      17 |       0 |   0.0
      Orc:2 |    2555 |    9213 |  78.3 |      26 |      57 |  68.7
   Vaults:1 |   30009 |   21963 |  42.3 |      41 |      17 |  29.3
   Vaults:2 |   33949 |   17882 |  34.5 |      44 |      26 |  37.1
   Vaults:3 |   30561 |   24037 |  44.0 |      48 |      27 |  36.0
   Vaults:4 |   27176 |   47609 |  63.7 |      36 |      57 |  61.3
   Vaults:5 |   17008 |   90051 |  84.1 |      28 |      71 |  71.7
   Depths:1 |   32479 |    2980 |   8.4 |      40 |      12 |  23.1
   Depths:2 |   46384 |   39441 |  46.0 |      67 |      39 |  36.8
   Depths:3 |   55374 |   20884 |  27.4 |      63 |      17 |  21.2
   Depths:4 |   34683 |   74916 |  68.4 |      39 |      65 |  62.5
      Zot:1 |   27834 |    2795 |   9.1 |      27 |       3 |  10.0
      Zot:2 |   39872 |    4107 |   9.3 |      33 |       2 |   5.7
      Zot:3 |   64500 |   33705 |  34.3 |      48 |      20 |  29.4
      Zot:4 |   57923 |    2456 |   4.1 |      45 |       2 |   4.3
      Zot:5 |   29825 |   67495 |  69.4 |      23 |      27 |  54.0
    Abyss:3 |   21232 |       0 |   0.0 |      46 |       0 |   0.0
   Gauntlet |       0 |    4452 | 100.0 |       0 |       7 | 100.0
            +---------+---------+-------+---------+---------+-------
